 Dungeon Crawl Stone Soup version 0.32-a0-163-g159c032 (webtiles) character file.

Game seed: 9660281631742711358

3114191 jagoly the Green Gnoll (level 27, 246/246 HPs)
             Began as a Gnoll Artificer on Feb 11, 2024.
             Was a Follower of Fedhas.
             Escaped with the Orb
             ... and 5 runes
             ... and 1 gem (0 intact)!
             The game lasted 07:37:37 (75072 turns).

jagoly the Green Gnoll (Gnoll Artificer)           Turns: 75072, Time: 07:37:37

Health: 246/246    AC: 24    Str: 27    XL:     27
Magic:  15/55      EV: 24    Int: 30    God:    Fedhas [*.....]
Gold:   3921       SH: 23    Dex: 21    Spells: 2/65 levels left

rFire   + + .        a - staff of Fortitude {rElec Conj}
rCold   + + .        G - +2 kite shield of Fortification {rF+ rC+}
rNeg    + + .        d - +4 scale mail of Gupaarphaca {rF+ Str+4}
rPois   .            g - +1 helmet of the Elven Halls {Rampage Regen+ Int+4 SInv}
rElec   +            R - +2 cloak
rCorr   .            H - +0 pair of gloves of Ekhlaiffu {rN+ MP+9}
SInv    +            p - +1 pair of boots "Negginuj" {Will+ Regen+ Str+3 Dex+2}
Will    +++..        J - amulet of the Stag {Reflect ^Drain +Blink Regen+ Str+3 SH+5}
Stlth   ++           n - ring of Citseixkyc {rC+ rN+ Str+3 Int+6 Dex+4}
HPRegen 3.01/turn    V - ring of the Mage {Wiz Archmagi}
MPRegen 0.34/turn

%: reflection, rampage, wizardry (x1), archmagi
@: no status effects
A: fangs 1, strong nose, distributed training, deformed body, robust 1
0: Orb of Zot
}: 5/15 runes: barnacled, slimy, silver, abyssal, gossamer
a: Renounce Religion, Evoke Blink


You escaped.
You worshipped Fedhas.
Fedhas was aware of your devotion.
You visited 11 branches of the dungeon, and saw 55 of its levels.
You visited the Abyss 2 times.
You visited 1 bazaar.
You visited 1 ziggurat, and saw 8 of its levels.
You also visited: Ice Cave and Volcano.

You collected 11097 gold pieces.
You spent 7176 gold pieces at shops.

Inventory:

Hand Weapons
 b - the +6 scimitar "Dragon's Tongue" {freeze, Will+ rCorr Int+2 Dex+4}
   (You took it off an orc warrior on level 3 of the Elven Halls)

   Int+2:     It affects your intelligence (+2).
   Dex+4:     It affects your dexterity (+4).
   Will+:     It increases your willpower.
   rCorr:     It protects you from acid and corrosion.
 c - the +9 morningstar "Killer Bee's Curse" {freeze, rC- rN+ Int+6}
   (You took it off a deep elf sorcerer on level 3 of the Elven Halls)

   Int+6:     It affects your intelligence (+6).
   rC-:       It makes you vulnerable to cold.
   rN+:       It protects you from negative energy.
Missiles
 h - 4 throwing nets
 l - 60 boomerangs (quivered)
 E - 29 javelins
 M - 7 silver javelins
 U - 4 curare-tipped darts
Armour
 d - the +4 scale mail of Gupaarphaca (worn) {rF+ Str+4}
   (You bought it in a shop in a bazaar)

   Str+4:     It affects your strength (+4).
   rF+:       It protects you from fire.
 g - the +1 helmet of the Elven Halls (worn) {Rampage Regen+ Int+4 SInv}
   (You acquired it on level 8 of the Dungeon)

   Int+4:     It affects your intelligence (+4).
   SInv:      It lets you see invisible.
   Regen+:    It increases your rate of health regeneration.
   Rampage:   It bestows one free step when moving towards enemies.
 p - the +1 pair of boots "Negginuj" (worn) {Will+ Regen+ Str+3 Dex+2}
   (You found it on level 4 of the Shoals)

   Str+3:     It affects your strength (+3).
   Dex+2:     It affects your dexterity (+2).
   Will+:     It increases your willpower.
   Regen+:    It increases your rate of health regeneration.
 G - the +2 kite shield of Fortification (worn) {rF+ rC+}
   (You found it on level 2 of the Elven Halls)

   rF+:       It protects you from fire.
   rC+:       It protects you from cold.
 H - the +0 pair of gloves of Ekhlaiffu (worn) {rN+ MP+9}
   (You bought it in a shop on level 3 of the Elven Halls)

   rN+:       It protects you from negative energy.
   MP+9:      It affects your magic capacity (+9).
 R - a +2 cloak (worn)
Magical Staves
 a - the staff of Fortitude (weapon) {rElec Conj}
   (You found it on level 12 of the Dungeon)

   [staff of conjuration]

   Base accuracy: +5 Base damage: 5 Base attack delay: 1.2 This weapon's minimum
   attack delay (0.6) is reached at skill level 12.
   rElec:     It insulates you from electricity.
   Conj:      It increases the power of your Conjurations spells.
   It falls into the 'Staves' category.
   It is a one-handed weapon.
Jewellery
 f - the ring of Zezir {Fly Str+4 Slay+3}
   (You found it on level 2 of the Crypt)

   [ring of flight]

   Str+4:     It affects your strength (+4).
   Slay+3:    It affects your accuracy & damage with ranged weapons and melee
   (+3).
   Fly:       It grants you flight.
 n - the ring of Citseixkyc (left hand) {rC+ rN+ Str+3 Int+6 Dex+4}
   (You found it on level 1 of the Spider Nest)

   [ring of intelligence]

   Str+3:     It affects your strength (+3).
   Int+6:     It affects your intelligence (+6).
   Dex+4:     It affects your dexterity (+4).
   rC+:       It protects you from cold.
   rN+:       It protects you from negative energy.
 w - the ring "Luttiyni" {Will+ EV+5 Int+3}
   (You took it off an orc on level 3 of the Elven Halls)

   [ring of evasion]

   EV+5:      It affects your evasion (+5).
   Int+3:     It affects your intelligence (+3).
   Will+:     It increases your willpower.
 J - the amulet of the Stag (around neck) {Reflect ^Drain +Blink Regen+ Str+3 SH+5}
   (You took it off an orc on level 3 of the Elven Halls)

   [amulet of reflection]

   Reflect:   It reflects blocked missile attacks.
   Str+3:     It affects your strength (+3).
   +Blink:    It lets you blink.
   Regen+:    It increases your rate of health regeneration.
   ^Drain:    It drains your maximum health when unequipped.
   SH+5:      It affects your SH (+5).
 V - the ring of the Mage (right hand) {Wiz Archmagi}
   (You found it on level 8 of a ziggurat)

   [ring of wizardry]

   Wiz:       It improves your spell success rate.
   Archmagi:  It increases the power of your magical spells.
Wands
 e - a wand of charming (8)
 o - a wand of iceblast (44)
 A - a wand of quicksilver (21)
 L - a wand of digging (16)
 P - a wand of paralysis (84)
 S - a wand of mindburst (17)
Scrolls
 i - 4 scrolls of blinking
 q - 4 scrolls of fog
 s - 14 scrolls of poison
 x - 11 scrolls of immolation
 y - 13 scrolls of teleportation
 C - 10 scrolls of fear
 D - 9 scrolls of vulnerability
 K - 13 scrolls of enchant armour
 Q - 2 scrolls of revelation
 T - 8 scrolls of butterflies
Potions
 j - 3 potions of berserk rage
 k - 7 potions of invisibility
 m - 17 potions of ambrosia
 r - 8 potions of might
 u - 4 potions of enlightenment
 v - 8 potions of brilliance
 B - 21 potions of curing
 I - 4 potions of magic
 N - 12 potions of heal wounds
 O - 3 potions of resistance
 W - 6 potions of mutation
 X - 6 potions of cancellation
 Y - 7 potions of haste
Miscellaneous
 t - a box of beasts
 z - a lightning rod (4/4)
 F - a phial of floods
 Z - a phantom mirror


   Skills:
 + Level 19.9 Fighting
 + Level 19.8 Short Blades
 + Level 19.8 Long Blades
 + Level 19.8 Axes
 + Level 19.8 Maces & Flails
 + Level 19.8 Polearms
 + Level 19.8 Staves
 + Level 19.8 Ranged Weapons
 + Level 19.8 Throwing
 + Level 20.2 Armour
 + Level 19.9 Dodging
 + Level 19.9 Stealth
 + Level 19.8 Shields
 + Level 19.8 Unarmed Combat
 + Level 19.8 Spellcasting
 + Level 16.9 Conjurations
 + Level 16.9 Hexes
 + Level 16.9 Summonings
 + Level 16.9 Necromancy
 + Level 16.9 Translocations
 + Level 16.9 Fire Magic
 + Level 16.9 Ice Magic
 + Level 16.9 Air Magic
 + Level 16.9 Earth Magic
 + Level 16.9 Alchemy
 + Level 21.3 Invocations
 + Level 20.6 Evocations
 + Level 18.3 Shapeshifting


You had 2 spell levels left.
You knew the following spells:

 Your Spells              Type           Power      Damage    Failure   Level
a - Mephitic Cloud        Conj/Alch/Air  100%       N/A       0%          3
b - Borgnjor's Vile Clut  Necr/Erth      57%        N/A       1%          5
c - Bombard               Conj/Erth      69%        9d11      1%          6
d - Dispel Undead         Necr           100%       3d31      1%          4
e - Enfeeble              Hex            57%        N/A       1%          7
n - Eringya's Noxious Bo  Alch           57%        4d6       1%          6
w - Passwall              Erth           100%       N/A       0%          3
x - Starburst             Conj/Fire      69%        6d18      1%          6
B - Blink                 Tloc           100%       N/A       0%          2
R - Ozocubu's Refrigerat  Ice            57%        4d20      1%          7
S - Swiftness             Air            100%       N/A       0%          3
T - Irradiate             Conj/Alch      69%        3d34      1%          5
X - Iskenderun's Mystic   Conj/Tloc      100%       2d19      1%          4
Z - Sublimation of Blood  Necr           100%       N/A       0%          2

Your spell library contained the following spells:

 Spells                   Type           Power      Damage    Failure   Level
 Apportation              Tloc           100%       N/A       0%          1
 Foxfire                  Conj/Fire      100%       2x1d9     0%          1
 Freeze                   Ice            100%       1d10      0%          1
 Kiss of Death            Conj/Necr      100%       2d13      0%          1
 Necrotise                Necr           100%       1d9       0%          1
 Sandblast                Erth           100%       2d20      0%          1
 Slow                     Hex            100%       N/A       0%          1
 Sting                    Conj/Alch      100%       1d9       0%          1
 Summon Small Mammal      Summ           100%       N/A       0%          1
 Call Imp                 Summ           100%       N/A       0%          2
 Cigotuvi's Dreadful Rot  Necr/Alch/Air  100%       N/A       0%          2
 Ensorcelled Hibernation  Hex/Ice        100%       N/A       0%          2
 Jinxbite                 Hex            100%       N/A       0%          2
 Lesser Beckoning         Tloc           100%       N/A       0%          2
 Mercury Vapours          Alch/Air       100%       N/A       0%          2
 Momentum Strike          Conj/Tloc      100%       3d10      0%          2
 Scorch                   Fire           100%       2d9       0%          2
 Call Canine Familiar     Summ           100%       N/A       0%          3
 Confusing Touch          Hex            100%       N/A       0%          3
 Dazzling Flash           Conj/Hex       100%       N/A       0%          3
 Frozen Ramparts          Ice            100%       1d16      0%          3
 Fugue of the Fallen      Necr           100%       N/A       0%          3
 Gell's Gravitas          Tloc           100%       N/A       0%          3
 Hailstorm                Conj/Ice       100%       3d16      0%          3
 Inner Flame              Hex/Fire       100%       N/A       0%          3
 Ozocubu's Armour         Ice            100%       N/A       0%          3
 Summon Ice Beast         Ice/Summ       100%       N/A       0%          3
 Teleport Other           Tloc           100%       N/A       0%          3
 Tukima's Dance           Hex            100%       N/A       0%          3
 Vampiric Draining        Necr           100%       2d13      0%          3
 Volatile Blastmotes      Fire/Tloc      100%       2d18      0%          3
 Anguish                  Hex/Necr       57%        N/A       1%          4
 Animate Armour           Summ/Erth      100%       N/A       1%          4
 Animate Dead             Necr           100%       N/A       1%          4
 Brom's Barrelling Bould  Conj/Erth      100%       2d11      1%          4
 Cause Fear               Hex            57%        N/A       1%          4
 Dimensional Bullseye     Hex/Tloc       57%        N/A       1%          4
 Flame Wave               Conj/Fire      100%       2d21      1%          4
 Ignite Poison            Fire/Alch      100%       N/A       1%          4
 Leda's Liquefaction      Alch/Erth      57%        N/A       1%          4
 Manifold Assault         Tloc           100%       N/A       1%          4
 Martyr's Knell           Necr/Summ      100%       N/A       1%          4
 Olgreb's Toxic Radiance  Alch           100%       N/A       1%          4
 Passage of Golubria      Tloc           100%       N/A       1%          4
 Petrify                  Alch/Erth      100%       N/A       1%          4
 Summon Blazeheart Golem  Fire/Summ      100%       N/A       1%          4
 Summon Lightning Spire   Summ/Air       100%       N/A       1%          4
 Alistair's Intoxication  Alch           76%        N/A       1%          5
 Curse of Agony           Necr           100%       N/A       1%          5
 Fireball                 Conj/Fire      69%        3d26      1%          5
 Freezing Cloud           Conj/Ice/Air   69%        6-21      1%          5
 Iskenderun's Battlesphe  Conj           100%       2d15      1%          5
 Lee's Rapid Deconstruct  Erth           57%        3d27*     1%          5
 Metabolic Englaciation   Hex/Ice        57%        N/A       1%          5
 Silence                  Hex/Air        57%        N/A       1%          5
 Yara's Violent Unravell  Hex/Alch       57%        3d22      1%          5
 Conjure Ball Lightning   Conj/Air       69%        3x3d26    1%          6
 Death Channel            Necr           57%        N/A       1%          6
 Dispersal                Tloc           57%        N/A       1%          6
 Plasma Beam              Fire/Air       57%        2x1d73    1%          6
 Sculpt Simulacrum        Ice/Alch       57%        N/A       1%          6
 Haunt                    Necr/Summ      57%        N/A       1%          7
 Malign Gateway           Summ/Tloc      57%        N/A       1%          7
 Orb of Destruction       Conj           69%        9d16      1%          7
 Spellforged Servitor     Conj/Summ      69%        N/A       1%          7
 Summon Hydra             Summ           57%        N/A       1%          7
 Borgnjor's Revivificati  Necr           57%        N/A       6%          8
 Discord                  Hex            57%        N/A       6%          8
 Disjunction              Tloc           57%        N/A       6%          8
 Ignition                 Fire           57%        3d16      6%          8
 Infestation              Necr           57%        N/A       6%          8
 Lehudib's Crystal Spear  Conj/Erth      69%        10d16     6%          8
 Maxwell's Capacitive Co  Air            57%        ∞         6%          8
 Summon Horrible Things   Summ           57%        N/A       6%          8
 Chain Lightning          Conj/Air       69%        3d92      65%         9
 Death's Door             Necr           57%        N/A       65%         9
 Dragon's Call            Summ           57%        N/A       65%         9
 Fire Storm               Conj/Fire      69%        8d18      65%         9
 Shatter                  Erth           57%        3d43*     65%         9


Dungeon Overview and Level Annotations

Branches:
Dungeon (15/15)            Temple (0/1) D:6            Lair (5/5) D:8
 Shoals (4/4) Lair:3       Spider (4/4) Lair:3        Slime (5/5) Lair:5
    Orc (2/2) D:12            Elf (3/3) Orc:2        Vaults (5/5) D:13
  Crypt (3/3) Vaults:2       Tomb (0/3) Crypt:3      Depths (4/4) D:15
    Zot (5/5) Depths:4      IceCv (visited)         Volcano (visited)

Altars:
Dithmenos
Fedhas
Gozag
Hepliaklqana
Kikubaaqudgha
Makhleb
Nemelex Xobeh
Okawaru
Sif Muna
Uskayaw
Xom
Yredelemnul
The Shining One
Jiyva

Shops:
D:8 ?   D:14 :   Orc:2 !*[=(   Elf:3 !*[:(   Shoals:1 :   Shoals:3 ?
Vaults:2 [   Vaults:5 :   Depths:1 =::

Portals:
Hell: Depths:1 Depths:2 Depths:3 Depths:4
Abyss: Depths:3
Pandemonium: Orc:2 Depths:2
Trove: D:13 (give 12 potions of heal wounds)

Annotations:
Shoals:1 1 runed translucent door, Tezivu's ghost, adept DEEE
Shoals:4 1 runed translucent door, NoWhammies's ghost, adept DgEE
Elf:2 3 runed translucent doors
Zot:5 4 exclusions


Innate Abilities, Weirdness & Mutations

You have very sharp teeth.
Your uncanny sense of smell can sniff out nearby items.
Your experience applies equally to all skills.
Armour fits poorly on your strangely shaped body.
You are robust. (+10% HP)


Message History

You climb upwards.
There is a stone staircase leading down here.
A hell beast comes into view.
The hell beast's many legs skitter faintly.
Cast which spell? (? or * to list)
You feel a surge of power!
The heat is drained from your surroundings.
The hell beast is heavily wounded.
Cast which spell? (? or * to list)
You feel a surge of power!
The heat is drained from your surroundings.
The hell beast is severely wounded.
Cast which spell? (? or * to list)
Aiming: Bombard (mildly dangerous; 1% risk of failure)
Press: ? - help, Shift-Dir - straight line, f - hell beast
Aim: a hell beast (severely wounded, 73% to hit)
You feel a strong surge of power!
The iron shot hits the hell beast!!!
You kill the hell beast!
Fedhas accepts your kill.
Okay, then.
Cast which spell? (? or * to list)
You feel a surge of power!
You draw magical energy from your own body!
What level of the Dungeon? (default 1, ? - help)
There is a stone staircase leading up here.
You climb upwards.
There is a stone staircase leading down here.
HP restored.
There is an open door here.
There is an open door here.
There is a staircase back to the Dungeon here.
You climb upwards.
Welcome back to the Dungeon!
There is a staircase to the Depths, spattered with blood here.
Things that are here:
a +0 robe; a +0 dagger; a human skeleton
There is an open door, spattered with blood here.
A Tzitzimitl comes into view.
Cast which spell? (? or * to list)
Aiming: Bombard (mildly dangerous; 1% risk of failure)
Press: ? - help, Shift-Dir - straight line, f - Tzitzimitl
Aim: a Tzitzimitl (68% to hit)
You feel a strong surge of power!
The iron shot hits the Tzitzimitl!!!
The Tzitzimitl is heavily wounded.
Cast which spell? (? or * to list)
Aiming: Bombard (mildly dangerous; 1% risk of failure)
Press: ? - help, Shift-Dir - straight line, f/p - Tzitzimitl
Aim: a Tzitzimitl (heavily wounded, 68% to hit)
You feel a strong surge of power!
The iron shot hits the Tzitzimitl!!!
You kill the Tzitzimitl!
Fedhas accepts your kill.
Cast which spell? (? or * to list)
You feel a surge of power!
You draw magical energy from your own body!
Cast which spell? (? or * to list)
You feel a surge of power!
You draw magical energy from your own body!
What level of the Dungeon? (default 1, ? - help) HP restored.
Magic restored.
There is a stone staircase leading up here.
You climb upwards.
There is a stone staircase leading down here.
There is an open door here.
There is a stone staircase leading up, spattered with blood here.
You climb upwards.
There is a stone staircase leading down here.
There is a stone staircase leading up here.
You climb upwards.
There is a stone staircase leading down here.
There is an open door, spattered with blood here.
There is a stone staircase leading up here.
You climb upwards.
There is a stone staircase leading down here.
You see here a shapeshifter skeleton.
There is a stone staircase leading up, spattered with blood here.
You climb upwards.
There is a stone staircase leading down, spattered with blood here.
There is a stone staircase leading up here.
You climb upwards.
There is a stone staircase leading down here.
A lich comes into view.
Cast which spell? (? or * to list)
Aiming: Bombard (mildly dangerous; 1% risk of failure)
Press: ? - help, Shift-Dir - straight line, f - lich
Aim: a lich (wandering, hasn't noticed you, 82% to hit)
You feel a strong surge of power!
The iron shot hits the lich!!!
The lich is heavily damaged.
Cast which spell? (? or * to list)
Aiming: Bombard (mildly dangerous; 1% risk of failure)
Press: ? - help, Shift-Dir - straight line, f/p - lich
Aim: a lich (heavily damaged, 82% to hit)
You feel a strong surge of power!
The iron shot hits the lich!!
The lich is almost destroyed.
The blast sends you backwards.
Dergh comes into view.
Cast which spell? (? or * to list)
Aiming: Bombard (mildly dangerous; 1% risk of failure)
Press: ? - help, Shift-Dir - straight line, f/p - lich
Aim: a lich (almost destroyed, 82% to hit)
You feel a strong surge of power!
The iron shot misses the lich.
The blast sends you backwards.
The lich gestures wildly while chanting.
The lich seems to speed up.
Press: ? - help, v - describe, . - travel
Here: Dergh The floor.
Press: ? - help, v - describe, . - travel
Here: Dergh The floor.
Unknown command.
As you read the scroll of teleportation, it crumbles to dust.
You feel strangely unstable.
You feel the Orb delaying your translocation!
The lich conjures an orb of pure magic.
An orb of destruction comes into view.
Cast which spell? (? or * to list)
You feel a surge of power!
You blink.
Dergh gestures.
Dergh blinks!
The lich casts a spell.
The lich flickers and vanishes for a moment.
Dergh gestures. 3 ball lightnings come into view.
You feel ready to blink again.
The orb of destruction hits the ball lightning!!!
The ball lightning explodes!
The blast of lightning engulfs Dergh!
Dergh resists.
The blast of lightning engulfs the ball lightning.
The ball lightning completely resists.
The blast of lightning engulfs you! You resist.
Cast which spell? (? or * to list)
Aiming: Bombard (mildly dangerous; 1% risk of failure)
Press: ? - help, Shift-Dir - straight line, f - Dergh, p - lich
Aim: Dergh (lightly wounded, 44% to hit)
You feel a strong surge of power!
The iron shot hits Dergh!!!
Dergh is heavily wounded.
The ball lightning explodes!
The blast of lightning engulfs Dergh.
Dergh resists.
The blast of lightning engulfs the lich!!
The lich is destroyed!
The blast of lightning engulfs you! You resist.
The blast of lightning engulfs the ball lightning.
The ball lightning completely resists.
Dergh gestures.
Dergh blinks!
Cast which spell? (? or * to list)
Aiming: Bombard (mildly dangerous; 1% risk of failure)
Press: ? - help, Shift-Dir - straight line, f/p - Dergh
Aim: Dergh (heavily wounded, 44% to hit)
You feel a strong surge of power!
The iron shot hits the ball lightning!!!
The ball lightning explodes!
The blast of lightning engulfs you! You resist.
The blast of lightning engulfs Dergh.
Dergh resists.
Cast which spell? (? or * to list)
Aiming: Bombard (mildly dangerous; 1% risk of failure)
Press: ? - help, Shift-Dir - straight line, f/p - Dergh
Aim: Dergh (sparks, heavily wounded, 44% to hit)
You feel a strong surge of power!
The iron shot misses Dergh.
Dergh gestures. 3 ball lightnings and an Executioner come into view.
Cast which spell? (? or * to list)
Aiming: Bombard (mildly dangerous; 1% risk of failure)
Press: ? - help, Shift-Dir - straight line, f/p - Dergh
Aim: Dergh (heavily wounded, 44% to hit)
You feel a strong surge of power!
The iron shot misses Dergh.
The iron shot hits the ball lightning!!
The ball lightning explodes!
The blast of lightning engulfs Dergh.
Dergh resists.
The blast of lightning engulfs the ball lightning.
The ball lightning completely resists.
The blast of lightning engulfs the ball lightning.
The ball lightning completely resists.
The blast of lightning engulfs you! You resist.
Your surroundings seem slightly different. 2 large abominations come into view.
Dergh gestures.
The ball lightning explodes!
The blast of lightning engulfs Dergh!
Dergh resists.
The blast of lightning engulfs the ball lightning.
The ball lightning completely resists.
The blast of lightning engulfs you. You resist.
The blast of lightning engulfs the ball lightning.
The ball lightning completely resists.
The blast of lightning engulfs the ball lightning.
The ball lightning completely resists.
The blast of lightning engulfs the ball lightning.
The ball lightning completely resists. 3 ball lightnings come into view.
Cast which spell? (? or * to list)
You feel a strong surge of power!
You erupt in a fountain of uncontrolled magic!
Dergh is blasted with magical radiation!!!
Dergh is almost dead.
Dergh twists and deforms.
You are very lightly contaminated with residual magic.
The ball lightning explodes!
The blast of lightning engulfs the ball lightning.
The ball lightning completely resists.
The blast of lightning engulfs the ball lightning.
The ball lightning completely resists.
The blast of lightning engulfs Dergh!
Dergh resists.
The blast of lightning engulfs you. You resist.
The blast of lightning engulfs the ball lightning.
The ball lightning completely resists.
The ball lightning explodes!
The blast of lightning engulfs the ball lightning.
The ball lightning completely resists.
The blast of lightning engulfs you! You resist.
The blast of lightning engulfs Dergh!
Dergh resists.
The Executioner gestures.
The Executioner seems to speed up.
You block Dergh's attack.
A large abomination comes into view.
The ball lightning explodes!
The blast of lightning engulfs Dergh!
Dergh resists.
Dergh dies!
The blast of lightning engulfs you. You resist.
The blast of lightning engulfs the ball lightning.
The ball lightning completely resists.
Unknown command.
There's nothing to close nearby.
You feel yourself speed up.
The ball lightning explodes!
The blast of lightning engulfs you. You resist.
Cast which spell? (? or * to list)
Aiming: Borgnjor's Vile Clutch (safe; 1% risk of failure)
Press: ? - help, Shift-Dir - straight line, f - Executioner
Aim: an Executioner (fast, 100% to hit)
You feel a surge of power!
Zombie hands grab the Executioner.
The zombie hands constrict the Executioner.
You block the Executioner's attack. x2; The Executioner completely misses you.
The Executioner hits you. You block the Executioner's attack.
The Executioner hits you but does no damage.
Cast which spell? (? or * to list)
You don't have enough magic to cast this spell.
Unknown command.
Cast which spell? (? or * to list)
You feel a surge of power!
You draw magical energy from your own body!
The zombie hands constrict the Executioner.
The Executioner completely misses you. You block the Executioner's attack. x3
The Executioner completely misses you. The Executioner barely misses you.
Cast which spell? (? or * to list)
Aiming: Bombard (mildly dangerous; 1% risk of failure)
Press: ? - help, Shift-Dir - straight line, f/p - Executioner
Aim: an Executioner (lightly wounded, fast, constricted by zombie hands, 100% to hit)
You feel a strong surge of power!
The iron shot hits the Executioner!!!
The Executioner is almost dead.
The zombie hands constrict the Executioner.
You block the Executioner's attack.
The Executioner hits you but does no damage.
You block the Executioner's attack. x2
The Executioner hits you but does no damage.
The Executioner closely misses you.
Cast which spell? (? or * to list)
You feel a strong surge of power!
You erupt in a blast of force!
The mystic blast hits the large abomination!
The large abomination is moderately damaged.
The large abomination is knocked back by the mystic blast.
The large abomination slams into the rock wall!
The large abomination is moderately damaged.
The mystic blast hits the Executioner.
You kill the Executioner!
Fedhas accepts your kill.
Cast which spell? (? or * to list)
Aiming: Passwall (safe; 0% risk of failure)
Press: ? - help, Dir - move target A rock wall.
This square is covered in magical glow.
You feel a surge of power!
* * * LOW MAGIC WARNING * * *
You begin to meditate on the wall.
You continue meditating on the rock. x4
You finish merging with the rock.
Cast which spell? (? or * to list)
You feel a surge of power!
You draw magical energy from your own body!
Cast which spell? (? or * to list)
You feel a surge of power!
You draw magical energy from your own body!
Your magical contamination has completely faded away.
There is a stone staircase leading up here.
You climb upwards.
There is a stone staircase leading down here.
What level of the Dungeon? (default 9, ? - help) HP restored.
Your extra speed is starting to run out.
An Orb Guardian comes into view.
You feel yourself slow down.
Things that are here:
a +0 plate armour; a +0 trident; a gnoll skeleton
There is a stone staircase leading up, spattered with blood here.
You climb upwards.
There is a stone staircase leading down here.
What level of the Dungeon? (default 1, ? - help)
An Executioner comes into view.
Cast which spell? (? or * to list)
Aiming: Borgnjor's Vile Clutch (safe; 1% risk of failure)
Press: ? - help, Shift-Dir - straight line, f - Executioner
Aim: an Executioner (100% to hit)
You feel a surge of power!
Zombie hands grab the Executioner.
The zombie hands constrict the Executioner.
Cast which spell? (? or * to list)
Aiming: Bombard (mildly dangerous; 1% risk of failure)
Press: ? - help, Shift-Dir - straight line, f/p - Executioner
Aim: an Executioner (lightly wounded, constricted by zombie hands, 100% to hit)
You feel a strong surge of power!
The iron shot hits the Executioner!!!
The Executioner is almost dead.
The zombie hands constrict the Executioner.
The Executioner struggles to escape constriction. x2
Cast which spell? (? or * to list)
Aiming: Bombard (mildly dangerous; 1% risk of failure)
Press: ? - help, Shift-Dir - straight line, f/p - Executioner
Aim: an Executioner (almost dead, constricted by zombie hands, 100% to hit)
You feel a strong surge of power!
The iron shot hits the Executioner!!!
You kill the Executioner!
Fedhas accepts your kill.
Cast which spell? (? or * to list)
You feel a surge of power!
You draw magical energy from your own body!
What level of the Dungeon? (default 1, ? - help)
A demonspawn blood saint, a blizzard demon and a demonspawn corrupter come into view.
The demonspawn blood saint is wielding a +0 quarterstaff and wearing a +2 robe of willpower.
The demonspawn corrupter is wielding a +0 antimagic demon blade.
The demonspawn blood saint moves out of view.
The blizzard demon moves out of view.
The blizzard demon shouts!
The demonspawn corrupter shouts!
The blizzard demon gestures at you. The bolt of lightning misses you.
The bolt of lightning hits you! You resist.
There is a stone staircase leading up here.
HP restored.
You climb upwards.
There is a stone staircase leading down here.
What level of the Dungeon? (default 1, ? - help)
Okay, then.
What level of the Dungeon? (default 1, ? - help) HP restored.
There is a stone staircase leading up here.
You climb upwards.
There is a stone staircase leading down here.
There is a stone staircase leading up here.
You climb upwards.
A reaper comes into view. It is wielding a +0 scythe of pain.
There is a stone staircase leading down here.
Cast which spell? (? or * to list)
Aiming: Borgnjor's Vile Clutch (safe; 1% risk of failure)
Press: ? - help, Shift-Dir - straight line, f - reaper
Aim: a reaper, wielding a +0 scythe of pain (100% to hit)
You feel a surge of power!
Zombie hands grab the reaper.
The zombie hands constrict the reaper.
Cast which spell? (? or * to list)
Aiming: Bombard (mildly dangerous; 1% risk of failure)
Press: ? - help, Shift-Dir - straight line, f/p - reaper
Aim: a reaper, wielding a +0 scythe of pain (lightly wounded, constricted by zombie hands, 100% to hit)
You feel a strong surge of power!
The iron shot hits the reaper!!!
The reaper is heavily wounded.
The zombie hands constrict the reaper.
The reaper hits you from afar with a +0 scythe of pain!
The reaper drags you backwards!
Cast which spell? (? or * to list)
Aiming: Bombard (mildly dangerous; 1% risk of failure)
Press: ? - help, Shift-Dir - straight line, f/p - reaper
Aim: a reaper, wielding a +0 scythe of pain (severely wounded, constricted by zombie hands, 100% to hit)
You feel a strong surge of power!
The iron shot hits the reaper!!!
You kill the reaper!
Fedhas accepts your kill. The blast sends you backwards.
Cast which spell? (? or * to list)
You feel a surge of power!
You draw magical energy from your own body!
What level of the Dungeon? (default 1, ? - help)
There is an open door here.
HP restored.
There is an open door here.
There is an open door here.
An Orb Guardian comes into view.
Cast which spell? (? or * to list)
Casting: Starburst (mildly dangerous; 1% risk of failure)
Press: ? - help, Dir - look around, f - activate You feel a strong surge of power!
The bolt of fire hits the Orb Guardian!!!
The Orb Guardian is heavily wounded.
Cast which spell? (? or * to list)
Casting: Starburst (mildly dangerous; 1% risk of failure)
Press: ? - help, Dir - look around, f - activate You feel a strong surge of power!
The bolt of fire misses the Orb Guardian.
Cast which spell? (? or * to list)
Casting: Starburst (mildly dangerous; 1% risk of failure)
Press: ? - help, Dir - look around, f - activate You feel a strong surge of power!
The bolt of fire hits the Orb Guardian!!!!
You kill the Orb Guardian!
Fedhas accepts your kill.
Cast which spell? (? or * to list)
You feel a surge of power!
You draw magical energy from your own body!
What level of the Dungeon? (default 1, ? - help)
There is a stone staircase leading up here.
You climb upwards.
There is a stone staircase leading down here.
You see here a rat skeleton.
You see here the felid skeleton of Natasha.
There is an open door here.
There is a stone staircase leading up here.
You climb upwards.
There is a stone staircase leading down here.
There is a stone staircase leading up here.
You climb upwards.
There is a stone staircase leading down here.
There is a staircase leading out of the dungeon here.
Aiming: Overgrow
Press: ? - help, Dir - move target The rock wall is torn apart as a wandering mushroom grows in its place. x2
The rock wall is torn apart as a ballistomycete grows in its place.
Aiming: Overgrow
Press: ? - help, Dir - move target The rock wall is torn apart as a wandering mushroom grows in its place.
The rock wall is torn apart as an oklob sapling grows in its place.
The rock wall is torn apart as a wandering mushroom grows in its place.
The rock wall is torn apart as an oklob sapling grows in its place.
Aiming: Overgrow
Press: ? - help, Dir - move target The rock wall is torn apart as an oklob sapling grows in its place.
The rock wall is torn apart as a wandering mushroom grows in its place. x2
Aiming: Overgrow
Press: ? - help, Dir - move target The rock wall is torn apart as an oklob sapling grows in its place. x2
The rock wall is torn apart as a ballistomycete grows in its place.
Aiming: Overgrow
Press: ? - help, Dir - move target The rock wall is torn apart as a burning bush grows in its place. x2
The rock wall is torn apart as a wandering mushroom grows in its place.
Aiming: Overgrow
Press: ? - help, Dir - move target The rock wall is torn apart as a wandering mushroom grows in its place. x2
The rock wall is torn apart as an oklob plant grows in its place.
The rock wall is torn apart as an oklob sapling grows in its place.
You can no longer grow an oklob plant.
Cast which spell? (? or * to list)
You feel a surge of power!
You draw magical energy from your own body!
Aiming: Overgrow
Press: ? - help, Dir - move target The rock wall is torn apart as a wandering mushroom grows in its place.
The rock wall is torn apart as an oklob sapling grows in its place.
The rock wall is torn apart as a ballistomycete grows in its place.
The rock wall is torn apart as an oklob sapling grows in its place.
You can no longer transform dungeon walls and trees into plant allies.
Okay, then.
You swap places.
Aiming: Grow Ballistomycete (0% risk of failure)
Press: ? - help, Dir - move target A ballistomycete grows from the ground.
Aiming: Grow Ballistomycete (0% risk of failure)
Press: ? - help, Dir - move target A ballistomycete grows from the ground.
Aiming: Grow Ballistomycete (0% risk of failure)
Press: ? - help, Dir - move target A ballistomycete grows from the ground.
Aiming: Grow Ballistomycete (0% risk of failure)
Press: ? - help, Dir - move target A ballistomycete grows from the ground.
You can no longer grow a ballistomycete.
Okay, then.
You swap places.
You swap places.
Okay, then.
A briar patch grows up from the ground. x3
You walk carefully through the plants.
There isn't enough space to grow briars here.
You walk carefully through the plants.
A briar patch grows up from the ground. x2
You walk carefully through the plants.
A briar patch grows up from the ground. x3
You walk carefully through the plants.
You swap places.
A briar patch grows up from the ground. x2
You walk carefully through the plants.
There isn't enough space to grow briars here.
You swap places.
A briar patch grows up from the ground.
You walk carefully through the plants.
You swap places.
You swap places.
A briar patch grows up from the ground. x4
You walk carefully through the plants.
You walk carefully through the fungus.
A briar patch grows up from the ground. x5
A briar patch grows up from the ground. x3
You walk carefully through the plants.
A briar patch grows up from the ground. x4
You walk carefully through the plants.
A briar patch grows up from the ground. x4
You walk carefully through the plants.
A briar patch grows up from the ground. x6
You can no longer encircle yourself with summoned briar patches.
You walk carefully through the plants.
You walk carefully through the fungus.
There is a staircase leading out of the dungeon here.
You have escaped!

####.#####.......# #......#
#.......# ##.##.#.# #.>......
###P####### ####....# #######
#.PPP.P####### #.....
#.....####.P.PPPP#....######.#
#...PPP##.Pff....P.....#####.#
#.###.P##PfPPffP.PP##..##.....
#.# #PP##PPPP@P.P..##..##.....
####.###PP##PPPPfff.PP##.[##.....
#.....##.P##.PPPf.P...##..##..###
#....###PPPPPP##f.P.P.##.........
......###P.P.####...P####......##
#.##.## ###### ###### ####.....
#)....# ##############.....
..##.## ####.......#.......###
.###.# #....##.##.#####...#


You could see a friendly oklob plant (summoned), 10 friendly wandering
mushrooms, 2 friendly burning bushes, 7 friendly ballistomycetes and 8 friendly
oklob saplings.

Vanquished Creatures
  the Royal Jelly (Slime:5)
  5 ancient liches
  2 dread liches
  2 orbs of fire
  Mennas (Crypt:3)
  3 juggernauts
  A pandemonium lord (Zig:4)
  Josephina (Zot:2)
  3 Killer Klowns
  3 caustic shrikes (Depths:2)
  3 curse toes
  Margery (Depths:4)
  7 golden dragons
  A bone dragon (Abyss:1)
  Arachne (Spider:4)
  2 Tzitzimimeh
  2 hellephants
  Jorgrun (Elf:2)
  3 Brimstone Fiends (Zig:8)
  An electric golem (Zot:5)
  15 tentacled monstrosities
  A walking crystal tome (Depths:2)
  8 liches
  23 Orb Guardians
  2 deep elf blademasters (Elf:3)
  2 titans (Vaults:5)
  3 searing wretches (Zig:8)
  3 deep elf master archers
  8 sphinxes
  8 quicksilver dragons
  3 ancient champions
  9 death cobs
  A kraken (Shoals:4)
  Polyphemus (Shoals:3)
  17 acid blobs
  3 Executioners
  Agnes (D:15)
  11 tengu reavers
  A storm dragon (shapeshifter) (Zig:6)
  7 shadow dragons
  The ghost of Miffien the Covert, an adept GnWn of Uskayaw (Shoals:3)
  Roxanne (D:15)
  Ilsuiw (Shoals:3)
  13 storm dragons
  4 rockslimes
  4 draconian knights
  Donald (Shoals:1)
  9 azure jellies
  7 draconian monks
  9 fire giants
  A protean progenitor (Zot:5)
  10 frost giants
  A fenstrider witch (Zig:5)
  3 revenants
  4 emperor scorpions
  5 draconian scorchers (Zot:2)
  9 deep elf sorcerers
  A caustic shrike zombie (Crypt:3)
  2 iron dragons (Vaults:5)
  2 draconian shifters
  4 draconian stormcallers
  2 deep elf elementalists (Elf:3)
  20 vault wardens
  5 ghost moths
  5 ghouls
  A demonspawn corrupter (Zig:4)
  4 curse skulls
  3 orc warlords
  A spriggan defender (Depths:2)
  6 reapers
  2 cacodemons
  4 draconian annihilators
  2 broodmothers
  15 ironbound preservers
  4 ironbound thunderhulks
  8 quicksilver oozes
  5 formless jellyfish
  24 very ugly things
  6 vampire knights
  The ghost of jagoly the Fighter, a journeyman BaIE of Hepliaklqana (D:13)
  16 stone giants
  9 deep elf death magi
  8 black draconians
  4 deep elf demonologists
  5 deep elf annihilators
  A lorocyproca (Depths:4)
  5 green draconians
  4 war gargoyles
  6 red draconians
  16 dire elephants
  11 spark wasps
  7 purple draconians
  6 yellow draconians
  7 white draconians
  Azrael (Spider:3)
  A blizzard demon (Abyss:1)
  A green death (Depths:2)
  5 eidola
  10 fire dragons
  21 ettins
  A spectral spriggan (Crypt:3)
  8 entropy weavers
  6 rakshasas
  4 merfolk impalers
  5 merfolk javelineers
  13 ice dragons
  The ghost of stone111 the Severer, a journeyman HOFi of Beogh (D:11)
  16 jiangshi
  10 great orbs of eyes
  Fannar (Lair:2)
  18 yaktaur captains
  A hell beast (Depths:2)
  A fenstrider witch zombie (Crypt:1)
  6 deep elf high priests
  A juggernaut simulacrum (Depths:3)
  An alligator (Zig:5)
  A peacekeeper (Vaults:4)
  38 vault guards
  7 spriggan air magi
  12 centaur warriors
  9 ironbound frosthearts
  2 demonspawn (Orc:2)
  4 ogre magi
  3 hydras
  Erica (D:8)
  7 merfolk avatars
  4 jorogumos (Spider:2)
  A merfolk aquamancer (Shoals:2)
  2 catoblepae
  7 boulder beetles
  5 radroaches
  4 satyrs
  A stoker (Zig:8)
  A sphinx zombie (Depths:3)
  20 two-headed ogres
  A death scarab (Spider:1)
  2 death knights
  2 tengu warriors
  3 alligator snapping turtles
  7 deep troll shamans
  2 occultists (Depths:2)
  7 demonic crawlers
  A spectral dire elephant (Crypt:3)
  A titan zombie (Crypt:3)
  A shock serpent (shapeshifter) (Vaults:5)
  14 deep troll earth magi
  9 spriggan berserkers
  13 dancing weapons
  10 orc high priests
  11 vampire magi
  A shock serpent (Depths:3)
  A thrashing horror (Abyss:3)
  3 naga sharpshooters (Depths:3)
  9 deep elf knights
  6 death yaks
  6 hell knights
  21 spriggans
  4 soul eaters
  Sonja (D:12)
  A storm dragon zombie (Vaults:4)
  Urug (D:11)
  A skyshark (Shoals:3)
  3 sun demons (Depths:4)
  A golden dragon zombie (Depths:1)
  14 iron trolls
  10 shadow wraiths
  A salamander mystic (Volcano)
  A sixfirhy (Abyss:3)
  A skyshark (shapeshifter) (Depths:3)
  37 skeletal warriors
  A quicksilver dragon simulacrum (Zot:2)
  A bunyip zombie (Crypt:2)
  9 sea snakes
  14 orb spiders
  48 deep trolls
  7 glowing orange brains
  2 spriggan druids (Zig:5)
  9 pharaoh ants
  3 shadow demons
  2 obsidian statues
  6 flayed ghosts
  A sea snake (shapeshifter) (Vaults:5)
  8 arcanists
  2 sun moths
  An orb spider (shapeshifter) (Vaults:5)
  4 orange crystal statues
  A sun moth (shapeshifter) (Vaults:5)
  2 spriggan simulacra (IceCv)
  36 phantasmal warriors
  A swamp dragon (shapeshifter) (Vaults:5)
  A bog body (IceCv)
  6 steelbarb worms
  10 harpies
  17 ironbound convokers
  20 deep elf pyromancers
  8 deep elf archers
  11 lindwurms
  19 deep elf zephyrmancers
  7 necromancers
  A frost giant zombie (Depths:1)
  A wolf spider zombie (Crypt:3)
  13 orc knights
  30 wolf spiders
  11 starcursed masses (Abyss:3)
  A salamander (shapeshifter) (Vaults:5)
  3 salamanders (Volcano)
  A goliath frog zombie (Crypt:1)
  14 orc sorcerers
  7 cyclopes
  A spectral alligator snapping turtle (Crypt:3)
  A shining eye (shapeshifter) (Depths:2)
  A fire giant zombie (Depths:1)
  2 shining eyes (Slime:4)
  Maurice (D:8)
  24 fauns
  25 moths of wrath
  9 manticores
  9 meliai (Depths:3)
  24 ugly things
  14 merfolk sirens
  15 vault sentinels
  11 elephants
  4 ice statues (Zig:5)
  2 black mambas
  Joseph (D:10)
  A water nymph (shapeshifter) (Zig:6)
  A fire giant skeleton (Depths:1)
  A frost giant skeleton (Depths:3)
  3 gargoyles (D:12)
  2 kobold blastminers
  5 torpor snails
  2 smoke demons
  2 large abominations (Zot:2)
  A rust devil (Orc:2)
  A storm dragon simulacrum (Zot:2)
  A formless jellyfish zombie (Crypt:3)
  A redback zombie (Crypt:3)
  3 unseen horrors
  2 water nymphs
  2 stone giant skeletons (Vaults:4)
  3 orange demons
  2 mana viper zombies
  6 cane toads
  A tormentor (Depths:2)
  5 tengu conjurers
  A pale draconian zombie (Crypt:3)
  5 komodo dragons
  A yaktaur (shapeshifter) (Depths:2)
  A kobold demonologist (D:12)
  2 rime drakes (Lair:1)
  3 efreet
  2 hellions
  3 ice devils
  An anaconda simulacrum (IceCv)
  A rime drake (shapeshifter) (D:14)
  19 freezing wraiths
  A spectral naga (Crypt:3)
  31 yaktaurs
  A ghost moth simulacrum (Zot:2)
  A queen bee (Depths:3)
  A queen bee (shapeshifter) (D:14)
  31 merfolk
  24 tarantellas
  A wind drake (Shoals:4)
  8 polar bears
  An alligator simulacrum (IceCv)
  The ghost of Dawnplanks the Covered, an amateur DsFi (D:3)
  A harpy skeleton (Crypt:3)
  A hellwing (Zig:4)
  15 trolls
  2 tarantellas (shapeshifter)
  17 blink frogs
  A satyr zombie (Crypt:1)
  A tengu simulacrum (Depths:3)
  22 hornets
  10 snapping turtles
  6 glass eyes
  An ettin zombie (Crypt:2)
  A draconian simulacrum (Crypt:3)
  2 raiju
  2 dream sheep (Lair:5)
  Sigmund (D:2)
  2 centaur simulacra
  A fire dragon skeleton (Crypt:3)
  48 slime creatures
  4 wyverns
  8 water elementals
  An ettin skeleton (Crypt:3)
  14 shadows
  2 air elementals
  38 jumping spiders
  5 fire bats (Volcano)
  24 culicivoras
  8 wraiths
  2 ynoxinuls
  37 yaks
  3 fire elementals
  A steam dragon (D:10)
  A golden eye (shapeshifter) (D:12)
  A dire elephant simulacrum (IceCv)
  5 neqoxecs
  5 wargs
  A yellow draconian simulacrum (Zot:2)
  2 golden eyes (Slime:4)
  5 basilisks
  Grum (D:8)
  61 redbacks
  5 minotaur simulacra (IceCv)
  3 chaos spawn
  4 acid dragons
  6 vampire mosquitoes
  A human zombie (Vaults:4)
  A swamp worm (shapeshifter) (Vaults:5)
  2 hydra simulacra (IceCv)
  12 water moccasins
  A moth of wrath simulacrum (Zot:2)
  6 hell hounds (Spider:3)
  A glowing shapeshifter skeleton (Crypt:1)
  43 orc warriors
  An ice beast (D:8)
  A sky beast (D:7)
  5 black bears
  11 laughing skulls
  A black mamba simulacrum (Crypt:3)
  16 centaurs
  4 boggarts (Lair:5)
  41 wolves
  A manticore skeleton (Crypt:1)
  12 ogres
  A phantom (D:4)
  4 kobold brigands
  9 weeping skulls (Crypt:3)
  A gnoll sergeant (D:8)
  13 bullfrogs
  5 necrophages
  A scorpion (D:5)
  A warg zombie (Crypt:3)
  3 deep troll simulacra (IceCv)
  An earth elemental (Elf:2)
  7 wights (D:8)
  A lindwurm simulacrum (IceCv)
  5 killer bees (D:8)
  A troll skeleton (Crypt:3)
  2 bombardier beetles
  A yak skeleton (Crypt:2)
  6 lava snakes (Volcano)
  4 bullfrog zombies (D:7)
  A quasit (Abyss:1)
  2 centaur zombies (D:7)
  2 gnoll boudas
  5 hounds
  A centaur skeleton (Crypt:2)
  22 orc priests
  Crazy Yiuf (D:2)
  A boggart zombie (Crypt:1)
  Natasha (thrice) (D:3)
  Terence (D:3)
  4 iguanas
  A black bear skeleton (Crypt:1)
  22 orc wizards
  A killer bee zombie (D:7)
  A naga zombie (Crypt:2)
  An acid dragon skeleton (Crypt:1)
  A deep dwarf zombie (Crypt:3)
  A naga skeleton (Crypt:1)
  A boggart simulacrum (D:11)
  A howler monkey zombie (D:7)
  10 gnolls
  A steam dragon zombie (Crypt:2)
  4 adders
  2 shadow imps
  7 white imps
  4 ufetubi
  A ribbon worm (D:3)
  69 orcs
  5 ball pythons
  4 bats
  14 endoplasms
  7 giant cockroaches
  10 hobgoblins
  4 quokkas
  A ball python zombie (Crypt:3)
  5 frilled lizards
  10 goblins
  A jackal skeleton (Crypt:1)
  28 kobolds
  9 rats
  A rat skeleton (Crypt:2)
  A spectral goblin (D:15)
  2 aspiring fleshes (Zot:5)
  2 ball lightnings (D:9)
  4 tentacles (Shoals:4)
2508 creatures vanquished.

Vanquished Creatures (collateral kills)
  An ancient lich (Vaults:5)
  Nikola (Shoals:1)
  2 rockslimes (Slime:5)
  A revenant (Crypt:3)
  An azure jelly (Slime:5)
  A formless jellyfish (Slime:5)
  A satyr (Shoals:1)
  A shadow wraith (Crypt:3)
  A harpy (Shoals:3)
  A freezing wraith (Crypt:3)
  A kobold brigand (D:5)
  2 kobolds (D:5)
  11 ballistomycete spores
25 creatures vanquished.

Vanquished Creatures (others)
  A lich (D:9)
  A pandemonium lord (D:9)
  A fire giant (Depths:2)
  A deep troll shaman (Depths:1)
  A glowing orange brain (Depths:1)
  2 deep elf pyromancers
  A black mamba (shapeshifter) (D:12)
  A tengu conjurer (Depths:1)
  A centaur simulacrum (D:12)
  2 yaks
  4 dancing weapons
  A water moccasin (Lair:1)
  A kobold brigand (D:4)
  An adder (D:5)
  An orc (D:4)
  A kobold (D:4)
  7 ball lightnings (D:9)
  2 ballistomycete spores (Slime:5)
30 creatures vanquished.

Grand Total: 2563 creatures vanquished

Notes
Turn   | Place    | Note
-------+----------+-------------------------------------------
     0 | D:1      | jagoly the Gnoll Artificer began the quest for the Orb.
     0 | D:1      | Reached XP level 1. HP: 17/17 MP: 1/1
   120 | D:1      | Reached XP level 2. HP: 22/23 MP: 2/2
   560 | D:1      | Reached XP level 3. HP: 28/28 MP: 3/3
   778 | D:2      | Reached skill level 1 in Invocations
   827 | D:2      | Noticed Sigmund
   973 | D:2      | Reached skill level 1 in Short Blades
   973 | D:2      | Reached skill level 1 in Long Blades
   973 | D:2      | Reached skill level 1 in Axes
   973 | D:2      | Reached skill level 1 in Maces & Flails
   973 | D:2      | Reached skill level 1 in Polearms
   973 | D:2      | Reached skill level 1 in Staves
   973 | D:2      | Reached skill level 1 in Ranged Weapons
   973 | D:2      | Reached skill level 1 in Throwing
   973 | D:2      | Reached skill level 1 in Shields
   973 | D:2      | Reached skill level 1 in Unarmed Combat
   973 | D:2      | Reached skill level 1 in Spellcasting
   973 | D:2      | Reached skill level 1 in Shapeshifting
   973 | D:2      | Reached XP level 4. HP: 19/34 MP: 5/5
  1082 | D:2      | Found a runed translucent door.
  1083 | D:2      | Noticed Crazy Yiuf
  1141 | D:2      | Reached skill level 1 in Conjurations
  1141 | D:2      | Reached skill level 1 in Hexes
  1141 | D:2      | Reached skill level 1 in Summonings
  1141 | D:2      | Reached skill level 1 in Necromancy
  1141 | D:2      | Reached skill level 1 in Translocations
  1141 | D:2      | Reached skill level 1 in Fire Magic
  1141 | D:2      | Reached skill level 1 in Ice Magic
  1141 | D:2      | Reached skill level 1 in Air Magic
  1141 | D:2      | Reached skill level 1 in Earth Magic
  1141 | D:2      | Reached skill level 1 in Alchemy
  1272 | D:2      | Found a shimmering altar of Xom.
  1771 | D:3      | Found a transporter.
  1938 | D:3      | Noticed Terence
  1946 | D:3      | Found a hide-covered altar of Uskayaw.
  1994 | D:3      | Reached XP level 5. HP: 40/40 MP: 5/7
  2138 | D:3      | Found a transporter.
  2151 | D:3      | Noticed Dawnplanks's ghost (amateur DsFi)
  2195 | D:3      | Found a blossoming altar of Fedhas.
  2355 | D:3      | Noticed Natasha
  2357 | D:3      | Killed Natasha
  2369 | D:3      | Became a worshipper of Fedhas Madash
  2516 | D:3      | Reached skill level 2 in Invocations
  2557 | D:4      | Reached XP level 6. HP: 47/47 MP: 8/8
  2560 | D:4      | Reached skill level 5 in Armour
  2743 | D:4      | Found a shadowy altar of Dithmenos.
  2743 | D:4      | Found a sparkling altar of Nemelex Xobeh.
  2743 | D:4      | Found an iron altar of Okawaru.
  2875 | D:4      | Found a shimmering altar of Xom.
  3253 | D:5      | Entered Level 5 of the Dungeon
  3356 | D:4      | Reached XP level 7. HP: 35/52 MP: 10/10
  3422 | D:5      | Reached * piety under Fedhas
  3676 | D:5      | Reached skill level 3 in Invocations
  4389 | D:6      | Found a staircase to the Ecumenical Temple.
  4609 | D:6      | Reached XP level 8. HP: 54/60 MP: 12/12
  4634 | D:6      | Noticed a yak
  4634 | D:6      | Noticed a yak
  4635 | D:6      | Noticed a yak
  5125 | D:6      | Noticed a yak
  5180 | D:6      | Killed a yak
  5576 | D:2      | Killed Sigmund
  5676 | D:2      | Killed Crazy Yiuf
  5888 | D:3      | Noticed Natasha
  5911 | D:3      | Killed Terence
  6257 | D:6      | Reached skill level 4 in Invocations
  6628 | D:7      | Learned a level 1 spell: Sting
  6665 | D:7      | Reached ** piety under Fedhas
  6666 | D:7      | Reached XP level 9. HP: 64/66 MP: 14/14
  6704 | D:7      | Found a basalt altar of Yredelemnul.
  7151 | D:8      | Noticed Grum
  7237 | D:8      | Noticed Erica
  7308 | D:8      | Reached skill level 5 in Fighting
  7308 | D:8      | Reached skill level 5 in Dodging
  7326 | D:7      | Reached skill level 5 in Stealth
  7472 | D:6      | Reached skill level 5 in Invocations
  7720 | D:8      | Found a staircase to the Lair.
  7954 | D:8      | Learned a level 1 spell: Apportation
  7972 | D:8      | Found Ugimy's Magic Scroll Shop.
  8340 | D:8      | Reached skill level 5 in Short Blades
  8340 | D:8      | Reached skill level 5 in Long Blades
  8340 | D:8      | Reached skill level 5 in Axes
  8340 | D:8      | Reached skill level 5 in Maces & Flails
  8340 | D:8      | Reached skill level 5 in Polearms
  8340 | D:8      | Reached skill level 5 in Staves
  8340 | D:8      | Reached skill level 5 in Ranged Weapons
  8340 | D:8      | Reached skill level 5 in Throwing
  8340 | D:8      | Reached skill level 5 in Shields
  8340 | D:8      | Reached skill level 5 in Unarmed Combat
  8340 | D:8      | Reached skill level 5 in Spellcasting
  8340 | D:8      | Reached XP level 10. HP: 76/76 MP: 17/17
  8411 | D:8      | Noticed Maurice
  8493 | D:8      | Killed Erica
  8735 | D:8      | Bought a scroll of butterflies for 60 gold pieces
  8735 | D:8      | Bought a scroll of revelation for 112 gold pieces
  8772 | D:8      | Reached *** piety under Fedhas
  8903 | D:8      | Reached skill level 6 in Invocations
  8913 | D:8      | Reached skill level 5 in Shapeshifting
  9040 | D:8      | Something stole an amulet of magic regeneration
  9042 | D:8      | Killed Maurice
  9453 | D:8      | Killed Grum
  9909 | D:9      | Learned a level 3 spell: Mephitic Cloud
  9994 | D:9      | Reached skill level 5 in Conjurations
  9994 | D:9      | Reached skill level 5 in Hexes
  9994 | D:9      | Reached skill level 5 in Summonings
  9994 | D:9      | Reached skill level 5 in Necromancy
  9994 | D:9      | Reached skill level 5 in Translocations
  9994 | D:9      | Reached skill level 5 in Fire Magic
  9994 | D:9      | Reached skill level 5 in Ice Magic
  9994 | D:9      | Reached skill level 5 in Air Magic
  9994 | D:9      | Reached skill level 5 in Earth Magic
  9994 | D:9      | Reached skill level 5 in Alchemy
  9996 | D:9      | Reached XP level 11. HP: 21/83 MP: 20/20
 10018 | D:9      | Reached **** piety under Fedhas
 10194 | D:9      | Noticed a two-headed ogre
 10209 | D:9      | Killed a two-headed ogre
 10283 | D:9      | Learned a level 3 spell: Swiftness
 10287 | D:9      | Learned a level 3 spell: Passwall
 10322 | D:9      | Noticed a fire dragon
 10478 | D:10     | Entered Level 10 of the Dungeon
 10554 | D:10     | Noticed a skeletal warrior
 10607 | D:10     | Learned a level 4 spell: Iskenderun's Mystic Blast
 10706 | D:10     | Reached skill level 7 in Invocations
 11130 | D:10     | Noticed Joseph
 11151 | D:10     | Killed Joseph
 11303 | D:10     | Noticed a skeletal warrior
 11668 | D:11     | Noticed a cyclops
 11679 | D:11     | Killed a cyclops
 11695 | D:11     | Noticed a cyclops
 11845 | D:11     | Killed a cyclops
 11856 | D:11     | Noticed a centaur warrior
 11894 | D:10     | Killed a centaur warrior
 12528 | D:11     | Found a runed translucent door.
 12529 | D:11     | Noticed stone111's ghost (journeyman HOFi)
 12532 | D:11     | Noticed a spriggan rider
 12532 | D:11     | Identified the +1 trident of the Dungeon {flame, ^Fragile
                  | rElec rF+++ Str+3}
 12550 | D:11     | Noticed Urug
 12618 | D:11     | Noticed a two-headed ogre
 12643 | D:11     | Killed a two-headed ogre
 12778 | D:11     | Reached ***** piety under Fedhas
 12788 | D:11     | Reached XP level 12. HP: 59/91 MP: 10/22
 13431 | Lair:1   | Entered Level 1 of the Lair of Beasts
 13578 | Lair:1   | Reached skill level 8 in Invocations
 14134 | Lair:1   | Reached skill level 10 in Evocations
 14548 | Lair:1   | Found a glowing golden altar of the Shining One.
 14567 | Lair:1   | Learned a level 2 spell: Mercury Vapours
 15977 | Lair:2   | Identified the +1 war axe "Giantbane" {protect, rCorr}
 16038 | Lair:2   | Noticed Fannar
 16153 | Lair:2   | Killed Fannar
 17013 | Lair:3   | Reached XP level 13. HP: 53/99 MP: 25/25
 17241 | Lair:3   | Found a staircase to the Shoals.
 17363 | Lair:3   | Reached skill level 9 in Invocations
 17953 | Lair:3   | Found a hole to the Spider Nest.
 18934 | Lair:3   | Reached ****** piety under Fedhas
 19995 | Lair:5   | Entered Level 5 of the Lair of Beasts
 20102 | Lair:5   | Found a dark tunnel.
 20154 | Volcano  | Entered a volcano
 20305 | Volcano  | Learned a level 3 spell: Tukima's Dance
 20475 | Volcano  | Reached skill level 10 in Armour
 20780 | Volcano  | Found a bloodstained altar of Trog.
 21261 | Lair:5   | Found a staircase to the Slime Pits.
 22104 | Lair:5   | Reached XP level 14. HP: 108/108 MP: 27/27
 22119 | Lair:5   | Reached skill level 10 in Invocations
 24323 | D:8      | Bought a scroll of acquirement for 780 gold pieces
 24323 | D:8      | Acquired the +1 helmet of the Elven Halls {Rampage Regen+
                  | Int+4 SInv}
 24335 | D:8      | Acquired 1323 gold pieces
 24461 | D:3      | Killed Dawnplanks's ghost
 24563 | D:3      | Killed Natasha
 24661 | D:3      | Noticed Natasha
 24666 | D:3      | Killed Natasha
 25317 | D:10     | Learned a level 3 spell: Volatile Blastmotes
 25899 | D:11     | Killed Urug
 25900 | D:11     | Reached skill level 10 in Fighting
 25900 | D:11     | Reached skill level 10 in Dodging
 26043 | D:11     | Killed stone111's ghost
 26044 | D:11     | Reached skill level 10 in Stealth
 26185 | D:11     | Learned a level 5 spell: Irradiate
 26600 | D:12     | Noticed Sonja
 26610 | D:12     | Killed Sonja
 27604 | D:12     | Found a staircase to the Orcish Mines.
 27646 | D:12     | Reached skill level 10 in Short Blades
 27646 | D:12     | Reached skill level 10 in Long Blades
 27646 | D:12     | Reached skill level 10 in Axes
 27646 | D:12     | Reached skill level 10 in Maces & Flails
 27646 | D:12     | Reached skill level 10 in Polearms
 27646 | D:12     | Reached skill level 10 in Staves
 27646 | D:12     | Reached skill level 10 in Ranged Weapons
 27646 | D:12     | Reached skill level 10 in Throwing
 27646 | D:12     | Reached skill level 10 in Shields
 27646 | D:12     | Reached skill level 10 in Unarmed Combat
 27646 | D:12     | Reached skill level 10 in Spellcasting
 27969 | D:12     | Reached XP level 15. HP: 117/117 MP: 23/29
 28071 | D:12     | Reached skill level 11 in Invocations
 28385 | D:12     | Identified the staff of Fortitude {rElec Conj}
 28610 | D:13     | Found a transporter.
 28651 | D:13     | Noticed jagoly's ghost (journeyman BaIE)
 28843 | D:13     | Found a gate to the Vaults.
 28970 | D:13     | Found a transporter.
 29044 | D:13     | Found a portal to a secret trove of treasure.
 29219 | Orc:1    | Entered Level 1 of the Orcish Mines
 29275 | Orc:1    | Noticed an orc warlord
 29290 | Orc:1    | Killed an orc warlord
 29815 | Orc:2    | Entered Level 2 of the Orcish Mines
 30194 | Orc:2    | Found a staircase to the Elven Halls.
 30376 | Orc:2    | Found Xeittucs's Weapon Emporium.
 31019 | Orc:2    | Found Jetys's Distillery.
 31020 | Orc:2    | Found Dozaip's General Store.
 31109 | Orc:2    | Bought a potion of mutation for 88 gold pieces
 31109 | Orc:2    | Bought a potion of heal wounds for 55 gold pieces
 31111 | Orc:2    | Bought a potion of resistance for 130 gold pieces
 32171 | Orc:2    | Gained mutation: You sometimes lose your temper in combat.
                  | [a neqoxec]
 32393 | Orc:2    | Reached skill level 10 in Shapeshifting
 32420 | Orc:2    | Found Ficofr Loita's Antique Armour Boutique.
 32420 | Orc:2    | Found Urem Eps's Jewellery Shop.
 32421 | Orc:2    | Found a one-way gate leading to the halls of Pandemonium.
 32491 | Orc:2    | Learned a level 3 spell: Inner Flame
 32734 | D:14     | Reached XP level 16. HP: 125/125 MP: 30/30
 32986 | D:14     | Reached skill level 12 in Invocations
 33056 | D:14     | Got the Almanac of the Guild-Master
 33357 | Lair:5   | Learned a level 5 spell: Fireball
 33837 | D:14     | Found an opulent altar of Gozag.
 33913 | D:14     | Found Cuhum's Book Shoppe.
 33916 | D:14     | Bought the Unrestrained Analects for 836 gold pieces
 33921 | D:14     | Learned a level 4 spell: Olgreb's Toxic Radiance
 33986 | D:15     | Entered Level 15 of the Dungeon
 34180 | D:15     | Noticed Agnes
 34198 | D:15     | Killed Agnes
 34263 | D:15     | Found a burning altar of Makhleb.
 34553 | D:15     | Found a staircase to the Depths.
 34697 | D:15     | Found a hazy altar of Hepliaklqana.
 34759 | D:15     | Noticed Roxanne
 35327 | D:15     | Killed Roxanne
 35547 | D:13     | Killed jagoly's ghost
 35778 | Shoals:1 | Entered Level 1 of the Shoals
 35788 | Shoals:1 | Noticed Nikola
 35805 | Shoals:1 | Noticed Donald
 35805 | Shoals:1 | Killed Nikola
 35816 | Shoals:1 | Killed Donald
 35930 | Shoals:1 | Found Kiaraz's Book Shop.
 35938 | Shoals:1 | Bought a Trismegistus Codex for 420 gold pieces
 36052 | Lair:5   | Learned a level 4 spell: Ignite Poison
 36144 | Shoals:1 | Found a runed translucent door.
 36236 | Shoals:1 | Identified the +2 robe of Dibayg {Fly rC++ rCorr Int+2}
 36237 | Shoals:1 | Noticed Tezivu's ghost (adept DEEE)
 37018 | Shoals:2 | Found Diziajof's Distillery.
 37097 | Shoals:2 | Reached XP level 17. HP: 103/133 MP: 2/32
 37275 | Shoals:2 | Bought a potion of haste for 210 gold pieces
 37275 | Shoals:2 | Bought a potion of invisibility for 168 gold pieces
 37354 | Shoals:2 | Found an iron altar of Okawaru.
 37481 | Shoals:2 | Identified the +1 ring mail of Valour {Regen+ Int+3}
 37562 | Shoals:2 | Reached skill level 10 in Conjurations
 37562 | Shoals:2 | Reached skill level 10 in Hexes
 37562 | Shoals:2 | Reached skill level 10 in Summonings
 37562 | Shoals:2 | Reached skill level 10 in Necromancy
 37562 | Shoals:2 | Reached skill level 10 in Translocations
 37562 | Shoals:2 | Reached skill level 10 in Fire Magic
 37562 | Shoals:2 | Reached skill level 10 in Ice Magic
 37562 | Shoals:2 | Reached skill level 10 in Air Magic
 37562 | Shoals:2 | Reached skill level 10 in Earth Magic
 37562 | Shoals:2 | Reached skill level 10 in Alchemy
 37948 | Shoals:3 | Found Vuoxt's Magic Scroll Boutique.
 38259 | Shoals:3 | Found the +3 pair of mountain boots {steadfast, rC+}
 38263 | Shoals:3 | Noticed Polyphemus
 38272 | Shoals:3 | Noticed Ilsuiw
 38273 | Shoals:3 | Reached skill level 13 in Invocations
 38274 | Shoals:3 | Killed Polyphemus
 38281 | Shoals:3 | Killed Ilsuiw
 38374 | Shoals:3 | Found a transporter.
 38378 | Shoals:3 | Noticed Miffien's ghost (adept GnWn)
 38394 | Shoals:3 | Found a transporter.
 38635 | Shoals:4 | Entered Level 4 of the Shoals
 38636 | Shoals:4 | Upgraded the game from 0.32-a0-145-g5e87250 to
                  | 0.32-a0-163-g159c032
 38823 | Shoals:4 | Got the Encyclopedia of Company and Vapour
 38933 | Shoals:4 | Identified the +1 pair of boots "Negginuj" {Will+ Regen+
                  | Str+3 Dex+2}
 39495 | Shoals:4 | Got a barnacled rune of Zot
 39561 | Shoals:4 | Found a runed translucent door.
 39565 | Shoals:4 | Found a shimmering altar of Xom.
 39565 | Shoals:4 | Noticed NoWhammies's ghost (adept DgEE)
 39589 | Shoals:4 | Noticed a kraken
 39601 | Shoals:4 | Killed a kraken
 39809 | Shoals:3 | Learned a level 2 spell: Sublimation of Blood
 39830 | Shoals:3 | Learned a level 2 spell: Blink
 39932 | Shoals:3 | Killed Miffien's ghost
 39980 | Shoals:3 | Identified the +1 pair of boots "Orantu" {rF- rN+ Str+3
                  | Dex+8}
 40140 | Spider:1 | Entered Level 1 of the Spider Nest
 40170 | Spider:1 | Reached XP level 18. HP: 142/142 MP: 21/34
 40191 | Spider:1 | Found a glacial archway.
 40233 | IceCv    | Entered an ice cave
 40920 | IceCv    | Identified the +5 ice dragon scales "Higaox" {*Slow rF-
                  | rC++ rN+ Regen+ Str+4}
 41265 | Spider:1 | Identified the ring of Citseixkyc {rC+ rN+ Str+3 Int+6
                  | Dex+4}
 41346 | Spider:1 | Acquired the +0 morningstar of the Vanishing Xenops
                  | {protect, rCorr Str+3 Stlth+}
 41395 | Spider:1 | Identified the +1 chain mail of the Twisting Gods {+Blink
                  | rC+ Stlth+}
 41674 | Spider:1 | Reached skill level 14 in Invocations
 41676 | Spider:1 | Gained mutation: You have an uncontrollable temper.
                  | [mutagenic glow]
 43415 | Spider:2 | Reached XP level 19. HP: 127/147 MP: 23/36
 44400 | Spider:3 | Noticed Azrael
 44413 | Spider:3 | Killed Azrael
 44542 | Spider:3 | Identified the blade talisman of Pan-Flutes {rF+}
 44647 | Spider:4 | Entered Level 4 of the Spider Nest
 44670 | Spider:4 | Noticed Arachne
 44682 | Spider:4 | Killed Arachne
 45047 | Spider:4 | Learned a level 6 spell: Starburst
 45253 | Spider:4 | Reached skill level 15 in Evocations
 45484 | Spider:4 | Got a gossamer rune of Zot
 45797 | Elf:1    | Entered Level 1 of the Elven Halls
 45912 | Elf:1    | Noticed a Hell Sentinel
 45971 | Elf:1    | Got the Teachings on the Mob
 45997 | Elf:1    | Identified the +0 helmet "Enoveh" {-Tele Harm rCorr Dex+6}
 46015 | Elf:1    | Reached skill level 15 in Invocations
 46167 | Elf:1    | Identified the +1 cloak of Unaeploru {Will- Slay+5}
 46785 | Elf:2    | Reached XP level 20. HP: 159/159 MP: 26/37
 46937 | Elf:2    | Identified the +2 kite shield of Fortification {rF+ rC+}
 46952 | Elf:2    | Noticed Jorgrun
 46959 | Elf:2    | Killed Jorgrun
 47267 | Elf:2    | Found a runed translucent gate.
 47267 | Elf:2    | Found a runed translucent gate.
 47268 | Elf:2    | Found a runed translucent gate.
 47610 | Elf:3    | Entered Level 3 of the Elven Halls
 47617 | Elf:3    | Found Kehig's Antique Armour Boutique.
 47642 | Elf:3    | Found Pybb's Distillery.
 47684 | Elf:3    | Found Idghammo's Assorted Antiques.
 47736 | Elf:3    | Found Lasy's Weapon Shoppe.
 47850 | Elf:3    | Found a shimmering blue altar of Sif Muna.
 47914 | Elf:3    | Found Omuphynk's Book Shop.
 47990 | Elf:2    | Found an ancient bone altar of Kikubaaqudgha.
 48300 | Elf:3    | Learned a level 5 spell: Freezing Cloud
 48309 | Elf:3    | Noticed a Brimstone Fiend
 48374 | Elf:3    | Identified the +7 short sword of Causality {freeze, rF+
                  | Will+ Str+5 Int-3}
 48374 | Elf:3    | Identified the ring "Luttiyni" {Will+ EV+5 Int+3}
 48374 | Elf:3    | Identified the amulet of the Stag {Reflect ^Drain +Blink
                  | Regen+ Str+3 SH+5}
 48374 | Elf:3    | Identified the ring of Harmony {Will++ MP-9 Int+6}
 48375 | Elf:3    | Identified the +6 scimitar "Dragon's Tongue" {freeze, Will+
                  | rCorr Int+2 Dex+4}
 48819 | Elf:3    | Identified the +6 glaive "Blob" {elec, *Rage rN++ Str+2
                  | Int+2}
 48819 | Elf:3    | Identified the +4 chain mail "Ykhapt" {*Corrode rN+ Slay+5
                  | Stlth+}
 48831 | Elf:3    | Identified the +9 morningstar "Killer Bee's Curse" {freeze,
                  | rC- rN+ Int+6}
 48983 | Elf:3    | Got the Reference Book on Spawned Fumes
 49167 | Elf:3    | Bought a pair of shimmering gloves for 380 gold pieces
 49167 | Elf:3    | Identified the +0 pair of gloves of Ekhlaiffu {rN+ MP+9}
                  | (You bought it in a shop on level 3 of the Elven Halls)
 49197 | Elf:3    | Bought a shimmering war axe for 187 gold pieces
 49197 | Elf:3    | Identified the +1 war axe "Izauluqo" {holy, rPois Dex+5}
                  | (You bought it in a shop on level 3 of the Elven Halls)
 49207 | Elf:3    | Bought a potion of haste for 220 gold pieces
 49207 | Elf:3    | Bought a potion of cancellation for 176 gold pieces
 49391 | Vaults:1 | Entered Level 1 of the Vaults
 49404 | Vaults:1 | Reached skill level 15 in Armour
 50570 | Vaults:2 | Reached XP level 21. HP: 167/167 MP: 32/39
 50671 | Vaults:2 | Found Serchuarch's Armour Emporium.
 51116 | Vaults:2 | Found a staircase to the Crypt.
 51191 | Vaults:2 | Reached skill level 16 in Invocations
 51466 | Vaults:2 | Reached skill level 15 in Fighting
 51466 | Vaults:2 | Reached skill level 15 in Dodging
 51473 | Vaults:2 | Reached skill level 15 in Stealth
 51861 | Vaults:3 | Identified the ring of the Insatiable Knaves {rC- rN+ Int+3
                  | SInv}
 51941 | Vaults:3 | Got the Vellum of the Comburant Quarry
 52088 | Vaults:3 | Reached skill level 15 in Short Blades
 52088 | Vaults:3 | Reached skill level 15 in Long Blades
 52088 | Vaults:3 | Reached skill level 15 in Axes
 52088 | Vaults:3 | Reached skill level 15 in Maces & Flails
 52088 | Vaults:3 | Reached skill level 15 in Polearms
 52088 | Vaults:3 | Reached skill level 15 in Staves
 52088 | Vaults:3 | Reached skill level 15 in Ranged Weapons
 52088 | Vaults:3 | Reached skill level 15 in Throwing
 52088 | Vaults:3 | Reached skill level 15 in Shields
 52088 | Vaults:3 | Reached skill level 15 in Unarmed Combat
 52088 | Vaults:3 | Reached skill level 15 in Spellcasting
 53287 | Vaults:4 | Reached XP level 22. HP: 91/176 MP: 16/41
 53870 | Vaults:4 | Found a gateway to a bazaar.
 54115 | Bazaar   | Entered a bazaar
 54140 | Bazaar   | Found Ytodach's Antique Weapon Emporium.
 54164 | Bazaar   | Found Vimuwkeo's Antique Armour Boutique.
 54216 | Bazaar   | Found Ryzo's Book Emporium.
 54221 | Bazaar   | Bought Great Wizards, Vol. II for 456 gold pieces
 54242 | Bazaar   | Bought a smoking scale mail for 252 gold pieces
 54242 | Bazaar   | Identified the +4 scale mail of Gupaarphaca {rF+ Str+4}
                  | (You bought it in a shop in a bazaar)
 54260 | Bazaar   | Bought a steaming falchion for 192 gold pieces
 54260 | Bazaar   | Identified the +4 falchion of the Delicate God {venom,
                  | *Noise rPois rCorr Int+4} (You bought it in a shop in a
                  | bazaar)
 54592 | Elf:3    | Bought a book of Touch for 352 gold pieces
 54597 | Elf:3    | Learned a level 4 spell: Dispel Undead
 54842 | Crypt:1  | Entered Level 1 of the Crypt
 55539 | Crypt:1  | Reached skill level 17 in Invocations
 56681 | Crypt:2  | Identified the ring "Roqigueh" {Fire ^Drain rElec Int-4
                  | Slay+6}
 56685 | Crypt:2  | Identified the ring of Zezir {Fly Str+4 Slay+3}
 56753 | Crypt:3  | Entered Level 3 of the Crypt
 56867 | Crypt:3  | Reached XP level 23. HP: 184/184 MP: 23/42
 56869 | Crypt:3  | Found a staircase to the Tomb.
 57428 | Crypt:3  | Noticed Mennas
 57442 | Crypt:3  | Found an ancient bone altar of Kikubaaqudgha.
 57577 | Crypt:3  | Identified the ring of Qainob {*Slow rPois rF+++ rN+}
 57577 | Crypt:3  | Identified the ring "Liunleps" {rN+ Str+2}
 57628 | Crypt:3  | Killed Mennas
 57728 | Crypt:3  | Got the Incunabulum of Necromancy
 58409 | Crypt:3  | Learned a level 5 spell: Borgnjor's Vile Clutch
 58551 | Vaults:5 | Entered Level 5 of the Vaults
 58559 | Vaults:5 | Reached skill level 15 in Shapeshifting
 58563 | Vaults:5 | Noticed an ancient lich
 58571 | Vaults:5 | Noticed a dread lich
 58573 | Vaults:5 | Killed an ancient lich
 58583 | Vaults:5 | Killed a dread lich
 58681 | Vaults:5 | Identified the +1 great sword of Noysuel {freeze, rCorr
                  | Str+3 Int+3}
 58689 | Vaults:5 | Noticed an ancient lich
 58768 | Vaults:5 | Killed an ancient lich
 58777 | Vaults:5 | Reached skill level 18 in Invocations
 58777 | Vaults:5 | Reached XP level 24. HP: 176/193 MP: 20/43
 59254 | Vaults:5 | Identified the amulet "Ceruimm Siaph" {Spirit rC+ rN+}
 59486 | Vaults:5 | Got a silver rune of Zot
 59544 | Vaults:5 | Found Ytsonoso's Book Shoppe.
 59622 | Vaults:5 | Identified the staff of Exchange {rElec rC+ Str-3 Int+4
                  | Ice}
 59882 | Vaults:5 | Noticed an ancient lich
 59891 | Vaults:5 | Killed an ancient lich
 59971 | Vaults:5 | Identified the +4 ring mail of Fyhaly {*Corrode Fly Will+}
 59971 | Vaults:5 | Identified the amulet of the Giraffatuar {Reflect -Tele
                  | rPois Slay+2 SH+5}
 60194 | Vaults:5 | Identified the +0 cloak of Hepliaklqana's Esteem {Harm
                  | Str+4 Slay+3 Stlth+}
 60432 | Vaults:5 | Acquired 249 gold pieces
 60725 | Lair:5   | Learned a level 6 spell: Eringya's Noxious Bog
 60726 | Slime:1  | Entered Level 1 of the Pits of Slime
 60754 | Slime:4  | Gained mutation: You are clumsy. (Dex -2) [a shining eye]
 60929 | Slime:4  | Gained mutation: You are weak. (Str -2) [a shining eye]
 60930 | Slime:4  | Gained mutation: Potions are less effective at restoring
                  | your health. [a shining eye]
 60985 | Slime:5  | Entered Level 5 of the Pits of Slime
 61076 | Slime:5  | Found a viscous altar of Jiyva.
 61077 | Slime:5  | Noticed the Royal Jelly
 61134 | Slime:5  | Killed the Royal Jelly
 61135 | Slime:5  | Reached XP level 25. HP: 128/202 MP: 12/44
 61236 | Slime:5  | Identified the ring "Gyemoth" {MP+9 Str+6 Int-2 Stlth+}
 61239 | Slime:5  | Identified the ring of Fuguof {rPois rN+}
 61241 | Slime:5  | Identified the +4 plate armour "Oraopneaq" {rElec rN+
                  | Will+}
 61242 | Slime:5  | Got the Catalogue of Felsic Anthracomancy
 61259 | Slime:5  | Found the +2 hat of the Bear Spirit {Spirit, Bear, *Rage
                  | Will++}
 61270 | Slime:5  | Identified the +10 trident "Dosepp" {freeze, ^Contam rN+
                  | Will+}
 61287 | Slime:5  | Identified the +3 ring mail "Tisoesaf" {rPois rC+}
 61288 | Slime:5  | Got a slimy rune of Zot
 61288 | Slime:5  | Got a starry gem with 42 turns to spare
 61329 | Slime:5  | Lost the starry gem through the power of Zot.
 61592 | Shoals:3 | Bought a scroll of fog for 48 gold pieces
 61592 | Shoals:3 | Bought a scroll of teleportation for 36 gold pieces
 61592 | Shoals:3 | Bought a scroll of teleportation for 36 gold pieces
 61624 | Shoals:2 | Bought a potion of haste for 210 gold pieces
 61624 | Shoals:2 | Bought a potion of brilliance for 84 gold pieces
 61624 | Shoals:2 | Bought a potion of curing for 63 gold pieces
 61624 | Shoals:2 | Bought a potion of curing for 63 gold pieces
 61624 | Shoals:2 | Bought a potion of ambrosia for 168 gold pieces
 61624 | Shoals:2 | Bought a potion of curing for 63 gold pieces
 61921 | Elf:3    | Bought a potion of magic for 96 gold pieces
 61921 | Elf:3    | Bought a potion of heal wounds for 60 gold pieces
 61921 | Elf:3    | Bought a potion of curing for 36 gold pieces
 61921 | Elf:3    | Bought a potion of might for 48 gold pieces
 61921 | Elf:3    | Bought a potion of curing for 36 gold pieces
 61921 | Elf:3    | Bought a potion of enlightenment for 60 gold pieces
 61957 | Elf:3    | Bought a steaming helmet for 380 gold pieces
 61957 | Elf:3    | Identified the +0 helmet of Zin's Esteem {Rampage rN+ Str+4
                  | Slay-3} (You bought it in a shop on level 3 of the Elven
                  | Halls)
 61957 | Elf:3    | Bought a pair of polished boots for 380 gold pieces
 61957 | Elf:3    | Identified the +0 pair of boots of the Abyss {SInv} (You
                  | bought it in a shop on level 3 of the Elven Halls)
 62073 | Orc:2    | Bought 2 potions of curing for 66 gold pieces
 62073 | Orc:2    | Bought a potion of curing for 33 gold pieces
 62073 | Orc:2    | Bought a potion of ambrosia for 88 gold pieces
 62230 | Depths:1 | Entered Level 1 of the Depths
 62388 | Depths:1 | Found a hide-covered altar of Uskayaw.
 62957 | Depths:1 | Found Roarph's Book Boutique.
 62958 | Depths:1 | Found Pewkea's Jewellery Emporium.
 62960 | Depths:1 | Found Xuredd's Book Boutique.
 63024 | Depths:1 | Found a gateway to Hell.
 63463 | Depths:2 | Reached skill level 19 in Invocations
 63626 | Depths:2 | Lost mutation: You have an uncontrollable temper. [potion
                  | of mutation]
 63626 | Depths:2 | Lost mutation: You are weak. (Str -2) [potion of mutation]
 63626 | Depths:2 | Gained mutation: You are resistant to electric shocks.
                  | (rElec) [potion of mutation]
 63626 | Depths:2 | Lost mutation: You are clumsy. (Dex -2) [potion of
                  | mutation]
 63627 | Depths:2 | Lost mutation: You are resistant to electric shocks.
                  | (rElec) [potion of mutation]
 63627 | Depths:2 | Lost mutation: Potions are less effective at restoring your
                  | health. [potion of mutation]
 63627 | Depths:2 | Lost mutation: You sometimes lose your temper in combat.
                  | [potion of mutation]
 63627 | Depths:2 | Gained mutation: You occasionally lose the ability to drink
                  | potions when taking damage. [potion of mutation]
 63627 | Depths:2 | Gained mutation: You are agile. (Dex +4, Str/Int -1)
                  | [potion of mutation]
 63627 | Depths:2 | Gained mutation: You are strong-willed. (Will+) [potion of
                  | mutation]
 63628 | Depths:2 | Lost mutation: You are strong-willed. (Will+) [potion of
                  | mutation]
 63628 | Depths:2 | Lost mutation: You are agile. (Dex +4, Str/Int -1) [potion
                  | of mutation]
 63628 | Depths:2 | Lost mutation: You occasionally lose the ability to drink
                  | potions when taking damage. [potion of mutation]
 63628 | Depths:2 | Gained mutation: Your flesh is heat resistant. (rF+)
                  | [potion of mutation]
 63628 | Depths:2 | Gained mutation: Your magical capacity is low. (-10% MP)
                  | [potion of mutation]
 63628 | Depths:2 | Lost mutation: Your magical capacity is low. (-10% MP)
                  | [potion of mutation]
 63730 | Depths:2 | Reached skill level 15 in Conjurations
 63730 | Depths:2 | Reached skill level 15 in Hexes
 63730 | Depths:2 | Reached skill level 15 in Summonings
 63730 | Depths:2 | Reached skill level 15 in Necromancy
 63730 | Depths:2 | Reached skill level 15 in Translocations
 63730 | Depths:2 | Reached skill level 15 in Fire Magic
 63730 | Depths:2 | Reached skill level 15 in Ice Magic
 63730 | Depths:2 | Reached skill level 15 in Air Magic
 63730 | Depths:2 | Reached skill level 15 in Earth Magic
 63730 | Depths:2 | Reached skill level 15 in Alchemy
 63743 | Depths:2 | Gained mutation: You occasionally lose the ability to read
                  | scrolls when taking damage. [a shining eye]
 64023 | Depths:2 | Lost mutation: Your flesh is heat resistant. (rF+) [potion
                  | of mutation]
 64023 | Depths:2 | Lost mutation: You occasionally lose the ability to read
                  | scrolls when taking damage. [potion of mutation]
 64023 | Depths:2 | Gained mutation: You are robust. (+10% HP) [potion of
                  | mutation]
 64416 | Depths:2 | Got Cerebov's Papyrus of Kinetic Energy
 64483 | Depths:2 | Noticed a juggernaut
 64490 | Depths:2 | Killed a juggernaut
 64536 | Depths:2 | Identified the +8 hand axe of Embarrassment {heavy, rF+ rN+
                  | Dex+3}
 64538 | Depths:2 | Identified the +5 glaive of Instinct {flame, ^Fragile rN+
                  | Str+4 Dex+3}
 64539 | Depths:2 | Identified the scarf "Ifulag" {+Inv, rCorr}
 64594 | Depths:2 | Reached XP level 26. HP: 211/232 MP: 29/44
 64830 | Depths:2 | Noticed a juggernaut
 64840 | Depths:2 | Killed a juggernaut
 65126 | Depths:3 | Found a one-way gate to the infinite horrors of the Abyss.
 65277 | Depths:3 | Found a one-way gateway to a ziggurat.
 65447 | Depths:3 | Found a sparkling altar of Nemelex Xobeh.
 65927 | Depths:4 | Entered Level 4 of the Depths
 66078 | Depths:4 | Noticed a juggernaut
 66086 | Depths:4 | Killed a juggernaut
 66415 | Depths:4 | Found a gate to the Realm of Zot.
 66420 | Depths:4 | Noticed Margery
 66440 | Depths:4 | Killed Margery
 66772 | Depths:4 | Reached skill level 20 in Invocations
 67480 | Elf:2    | Learned a level 6 spell: Bombard
 67601 | Elf:3    | Learned a level 7 spell: Ozocubu's Refrigeration
 67942 | Depths:3 | Voluntarily entered the Abyss.
 68004 | Abyss:1  | Found a corrupted altar of Lugonu.
 68074 | Abyss:1  | Gained mutation: Armour fits poorly on your strangely
                  | shaped body. [mutagenic glow]
 68227 | Abyss:3  | Paralysed by accursed screaming for 1 turns
 68242 | Abyss:3  | Got an abyssal rune of Zot
 68266 | Abyss:3  | Found a corrupted altar of Lugonu.
 68372 | Depths:3 | Escaped the Abyss
 68421 | Zot:1    | Entered Level 1 of the Realm of Zot
 68432 | Zot:1    | Reached XP level 27. HP: 237/242 MP: 3/45
 68510 | Depths:3 | Voluntarily entered the Abyss.
 68518 | Depths:3 | Escaped the Abyss
 68527 | Zig:1    | Entered Level 1 of a ziggurat
 68541 | Zig:2    | Entered Level 2 of a ziggurat
 68571 | Zig:3    | Entered Level 3 of a ziggurat
 68640 | Zig:4    | Entered Level 4 of a ziggurat
 68643 | Zig:4    | Noticed Cyrghelej the pandemonium lord
 68643 | Zig:4    | Found the +18 Lear's hauberk
 68643 | Zig:4    | Found the brooch of Shielding {Spirit SH+8}
 68649 | Zig:4    | Killed Cyrghelej the pandemonium lord
 68721 | Zig:4    | Got Sif Muna's Exposition on Fateful Cadavers
 68725 | Zig:5    | Entered Level 5 of a ziggurat
 68795 | Zig:5    | Identified the +0 double sword "Imp's Peril" {freeze, rElec
                  | rPois rC+}
 68818 | Zig:6    | Entered Level 6 of a ziggurat
 68837 | Zig:6    | Identified the +10 trident "Qatoatogi" {elec, rPois Int+4
                  | Dex-4}
 68854 | Zig:7    | Entered Level 7 of a ziggurat
 68896 | Zig:7    | Identified the +4 broad axe of Cruel Justice {venom, rCorr
                  | MP-9 Str-4 Dex+9}
 68900 | Zig:7    | Identified the +8 eveningstar of Peril {venom, rC+ SInv}
 68913 | Zig:8    | Entered Level 8 of a ziggurat
 68920 | Zig:8    | Found the ring of the Mage {Wiz Archmagi}
 69363 | Zot:2    | Identified the staff "Demonslayer" {rC+ Dex+3 Ice}
 69363 | Zot:2    | Identified the ring "Udaonuj" {Ice Str+4 Dex+6}
 69363 | Zot:2    | Noticed Josephina
 70870 | Shoals:3 | Bought a scroll of amnesia for 48 gold pieces
 70879 | Shoals:3 | Learned a level 7 spell: Enfeeble
 71315 | Zot:2    | Killed Josephina
 72753 | Zot:4    | Noticed an orb of fire
 72765 | Zot:4    | Killed an orb of fire
 73087 | Zot:5    | Entered Level 5 of the Realm of Zot
 73643 | Zot:5    | Reached skill level 21 in Invocations
 73789 | Zot:5    | Noticed an ancient lich
 73798 | Zot:5    | Killed an ancient lich
 73930 | Zot:5    | Noticed an orb of fire
 73930 | Zot:5    | Noticed an ancient lich
 73966 | Zot:5    | Noticed an orb of fire
 73968 | Zot:5    | Noticed a dread lich
 73972 | Zot:5    | Killed an orb of fire
 73979 | Zot:5    | Killed a dread lich
 74083 | Zot:5    | Killed an ancient lich
 74106 | Zot:5    | Noticed an ancient lich
 74121 | Zot:5    | Killed an ancient lich
 74344 | Zot:5    | Noticed an ancient lich
 74440 | Zot:5    | Got the Orb of Zot
 74803 | D:9      | Noticed Dergh the pandemonium lord
 74813 | D:9      | Killed Dergh the pandemonium lord
 75072 | D:$      | Escaped with the Orb!

Illustrated notes

Levels and vault maps discovered:
D:1:      minmay_arrival_wavy_path, layout_loops_cross
D:2:      layout_basic, basic_altar, serial_glass, glass_columns_b,
          glass_columns_b, minmay_goblin_outpost, uniq_crazy_yiuf_cottage,
          uniq_sigmund
D:3:      layout_basic, mainiacjoe_overflow_tiny_flanked,
          mainiacjoe_overflow_boulevard, gammafunk_ghost_gnarly_gnolls,
          minmay_quantized, uniq_natasha, uniq_terence
D:4:      layout_gridville, xom_teletrap_fun,
          gammafunk_temple_overflow_forgotten
D:5:      layout_rooms
D:6:      layout_loops_ring, temple_fountains, serial_library_hellmonk_u_bend
D:7:      layout_loops_ring, nicolae_yredelemnul_corpse_copse, st_stairs_10,
          nrook_uturn
D:8:      layout_loops_ring, david_lair_generic, serial_shops, shop,
          hangedman_decor_slide_cut, uniq_grum, uniq_erica, uniq_maurice
D:9:      dragon1_lemuel, layout_basic, kennysheep_generic_room_8
D:10:     layout_basic, uniq_joseph
D:11:     cheibrodos_fzero, layout_layer_cave, ebering_ghost_funeral_grove,
          nicolae_wwwww, kennysheep_generic_room_10, uniq_urug
D:12:     minmay_the_grid_triangle_9x9_line_8_mashed
          [minmay_the_grid_triangle_9x9_empty,
          minmay_the_grid_triangle_9x9_from_above,
          minmay_the_grid_triangle_9x9_windchime,
          minmay_the_grid_triangle_9x9_limited_checkers,
          minmay_the_grid_triangle_9x9_steps,
          minmay_the_grid_triangle_9x9_wacky_v,
          minmay_the_grid_triangle_9x9_stretched_checkered,
          minmay_the_grid_triangle_9x9_prize_insulated], layout_gridville,
          orc_david_3, uniq_sonja
D:13:     layout_rooms, david_vaults_1, enter_trove_1, gammafunk_ghost_arena
D:14:     layout_roguey, serial_shops, kennysheep_mini_moat,
          grunt_gozag_breadcrumbs
D:15:     hangedman_depths_entry_civil_slaughter, layout_small_grid,
          bloody_makhleb, nicolae_hepliaklqana_monster_ancestors, uniq_roxanne,
          uniq_agnes
Lair:1:   wander_river, layout_regular_city, basic_altar, grunt_megastairs_3,
          serial_bayou_shore_a
Lair:2:   layout_long_grid, st_stairs_8, uniq_fannar
Lair:3:   layout_cave_pods, elwin_shoals_entry_rooms, dummy_spider_entry,
          grunt_forest_stairs_basic, grunt_forest_large_clearing_hut
Lair:4:   layout_layer_cave
Lair:5:   minmay_lair_end_enchanted_forest, layout_regular_city, slime_entry_1,
          nicolae_volcano_entry_two_sided, chequers_serial_rivers_micro_a,
          hibernation_bobbens, lemuel_fruit_tree
Shoals:1: layout_shoals, serial_shops, nicolae_shop_stone,
          ebering_ghost_inner_flame, uniq_nikola, uniq_donald
Shoals:2: nicolae_shoals_offshore_bank_account, layout_shoals, serial_shops,
          nicolae_shop_industrial_runoff, lemuel_centaur_altar
Shoals:3: layout_shoals, gammafunk_ghost_berserking_beasts,
          nicolae_stop_n_shop_1, uniq_ilsuiw, uniq_polyphemus
Shoals:4: shoals_end_grunt_garden, layout_shoals, ebering_ghost_xom
Spider:1: nicolae_spider_hilbert_zone_2 [nicolae_spider_hilbert_4_sides_1_open,
          nicolae_spider_hilbert_4_sides_1_open,
          nicolae_spider_hilbert_4_sides_1_open,
          nicolae_spider_hilbert_4_sides_1_open,
          nicolae_spider_hilbert_6_sides_1_open,
          nicolae_spider_hilbert_6_sides_1_open,
          nicolae_spider_hilbert_3_sides_1_open,
          nicolae_spider_hilbert_3_sides_1_open,
          nicolae_spider_hilbert_3_sides_1_open,
          nicolae_spider_hilbert_3_sides_1_open,
          nicolae_spider_hilbert_6_sides_1_open,
          nicolae_spider_hilbert_6_sides_1_open,
          nicolae_spider_hilbert_6_sides_1_open,
          nicolae_spider_hilbert_6_sides_1_open], portal_ice_cave_entry_dragon
Spider:2: nicolae_spider_hall_of_the_moth_king
Spider:3: layout_spider_delve, guppyfry_hornet_nest, uniq_azrael
Spider:4: spider_rune_water, uniq_arachne
Slime:1:  layout_caves
Slime:2:  layout_caves, special_room [special_room_jelly]
Slime:3:  layout_caves
Slime:4:  nicolae_slime_spelunking
Slime:5:  slime_pit_nicolae_block_by_block
Orc:1:    layout_diamond_mine
Orc:2:    pf_orc_diabolical, layout_caves, serial_shops,
          nicolae_shop_bloodbath_and_beyond
Elf:1:    nicolae_elf_arrival_no_cutting_in_line, layout_onion_city,
          minmay_elf_demonology
Elf:2:    nicolae_elf_blades_splatter_lattice
          [nicolae_blade_entry_crossed_weapons], layout_gridlike,
          lemuel_upstairs_altar, uniq_jorgrun
Elf:3:    minmay_elf_hall_furrowed, layout_loops_cross, serial_shops, shop,
          shop, nicolae_shop_stone, nicolae_shop_real_fake_doors,
          nicolae_shop_competitors_out_of_business, lemuel_statue_altar
Vaults:1: vaults_dpeg_spiral, nicolae_vaults_closet_pinwheel_2,
          vaults_standard_mumra_x, nicolae_vaults_shipping_containers_6,
          ontoclasm_vaults_idyll, v_rooms_2, nicolae_vaults_network_square,
          hangedman_vaults_snaps, nicolae_vaults_trapezoid_lopsided_2,
          ontoclasm_vaults_chip, vaults_dpeg_emergency_exit,
          nicolae_vaults_trapezoid_2, layout_vaults_maze_bifur
Vaults:2: vaults_dpeg_ring, ontoclasm_vaults_pinch, ontoclasm_vaults_misaligned,
          nicolae_vaults_network_star, minmay_crypt_entry_simple_corners,
          v_misc_5, nicolae_vaults_diagonal_hallway_8,
          nicolae_vaults_mini_display_case, nicolae_vaults_diamond_1,
          layout_vaults_omnigrid, serial_shops, shop, serial_glass
Vaults:3: hangedman_vaults_pinch, v_misc_11, vaults_mumra_chevron,
          nicolae_vaults_security_offices_6, v_alt_pattern_4,
          nicolae_vaults_trapezoid_1, nicolae_vaults_offset_grid_hallway_3,
          nicolae_vaults_apartment_2, nicolae_vaults_turnstiles,
          nicolae_vaults_trapezoid_3, nicolae_vaults_three_branches,
          nicolae_vaults_apartment_2, v_rooms_5, nicolae_vaults_sealed_display,
          layout_vaults_omnicross
Vaults:4: nicolae_vaults_border_crossing, grunt_vaults_funnel, minmay_orc_keep,
          nicolae_vaults_little_squares_5, vaults_dpeg_hooks,
          nicolae_vaults_trapezoid_1, hangedman_vaults_nails, v_misc_5,
          nicolae_vaults_double_plus_1, hangedman_vaults_restitches,
          nicolae_vaults_variable_pillar_hall, layout_vaults_omnibox,
          serial_shops, statue_bzr
Vaults:5
Crypt:1:  layout_misc_corridors, serial_glass, glass_columns_c, glass_columns_a,
          glass_columns_c, glass_columns_a, glass_columns_b, glass_columns_a
Crypt:2:  statuecave_lemuel, layout_chaotic_city
Crypt:3:  church_of_pain_bobbens, layout_chaotic_city, uniq_mennas
Depths:1: layout_roguey, nicolae_uskayaw_en_pointe, pf_coc_iceberg,
          lemuel_flamethrower_hall, minmay_shop_grove, firewood_loft,
          grunt_megastairs_2
Depths:2: minmay_octagon_city, layout_basic, rand_demon_pan_entry_5, hell_entry,
          grunt_decor_cap, infiniplex_staircase_pillars_2
Depths:3: regret_index_nemelex_summoning_deck_glade, layout_cave_pools,
          enter_ziggurat_e, hell_entry, hex_medium, abyss_entry,
          infiniplex_staircase_squiggle
Depths:4: grunt_crosshair, layout_honeycomb, hell_entry, corexii_corridor_pit,
          minmay_misc_feat_more_columns, uniq_margery
Zot:1:    layout_basic
Zot:2:    layout_cathedral_of_symmetry, uniq_josephina
Zot:3:    layout_onion_interference
Zot:4:    layout_onion
Zot:5:    layout_gridlike

Skill      XL: |  1  2  3  4  5  6  7  8  9 10 11 12 13 14 15 16 17 18 19 20 21 22 23 24 25 26 27 |
---------------+----------------------------------------------------------------------------------+-----
Invocations    | 1 2 3 4 5 6 7 8 9 10 11 12 13 14 15 16 17 18 19 20 21 | 21.3
Short Blades   | 1 2 3 5 6 7 8 9 10 11 12 13 14 15 16 17 18 19 | 19.8
Long Blades    | 1 2 3 5 6 7 8 9 10 11 12 13 14 15 16 17 18 19 | 19.8
Axes           | 1 2 3 5 6 7 8 9 10 11 12 13 14 15 16 17 18 19 | 19.8
Maces & Flails | 1 2 3 5 6 7 8 9 10 11 12 13 14 15 16 17 18 19 | 19.8
Polearms       | 1 2 3 5 6 7 8 9 10 11 12 13 14 15 16 17 18 19 | 19.8
Staves         | 1 2 3 5 6 7 8 9 10 11 12 13 14 15 16 17 18 19 | 19.8
Ranged Weapons | 1 2 3 5 6 7 8 9 10 11 12 13 14 15 16 17 18 19 | 19.8
Throwing       | 1 2 3 5 6 7 8 9 10 11 12 13 14 15 16 17 18 19 | 19.8
Shields        | 1 2 3 5 6 7 8 9 10 11 12 13 14 15 16 17 18 19 | 19.8
Unarmed Combat | 1 2 3 5 6 7 8 9 10 11 12 13 14 15 16 17 18 19 | 19.8
Spellcasting   | 1 2 3 5 6 7 8 9 10 11 12 13 14 15 16 17 18 19 | 19.8
Shapeshifting  | 1 2 3 4 5 6 7 8 9 10 11 12 13 14 15 16 17 18 | 18.3
Conjurations   | 1 2 3 4 5 6 7 8 9 10 11 12 13 14 15 16 | 16.9
Hexes          | 1 2 3 4 5 6 7 8 9 10 11 12 13 14 15 16 | 16.9
Summonings     | 1 2 3 4 5 6 7 8 9 10 11 12 13 14 15 16 | 16.9
Necromancy     | 1 2 3 4 5 6 7 8 9 10 11 12 13 14 15 16 | 16.9
Translocations | 1 2 3 4 5 6 7 8 9 10 11 12 13 14 15 16 | 16.9
Fire Magic     | 1 2 3 4 5 6 7 8 9 10 11 12 13 14 15 16 | 16.9
Ice Magic      | 1 2 3 4 5 6 7 8 9 10 11 12 13 14 15 16 | 16.9
Air Magic      | 1 2 3 4 5 6 7 8 9 10 11 12 13 14 15 16 | 16.9
Earth Magic    | 1 2 3 4 5 6 7 8 9 10 11 12 13 14 15 16 | 16.9
Alchemy        | 1 2 3 4 5 6 7 8 9 10 11 12 13 14 15 16 | 16.9
Fighting       | 3 4 5 6 7 8 9 10 11 12 13 14 15 16 17 18 19 | 19.9
Dodging        | 3 4 5 6 7 8 9 10 11 12 13 14 15 16 17 18 19 | 19.9
Stealth        | 3 4 5 6 7 8 9 10 11 12 13 14 15 16 17 18 19 | 19.9
Armour         | 5 6 7 8 9 10 11 12 13 14 15 16 17 18 19 20 | 20.2
Evocations     | 7 8 9 10 11 12 13 14 15 16 17 18 19 20 | 20.6

Action                     |  1- 3 |  4- 6 |  7- 9 | 10-12 | 13-15 | 16-18 | 19-21 | 22-24 | 25-27 || total
---------------------------+-------+-------+-------+-------+-------+-------+-------+-------+-------++-------
  Melee: Club              |    18 |       |       |       |       |       |       |       |       ||    18
         Short sword       |    11 |       |       |       |       |       |       |       |       ||    11
         Bite              |     5 |       |    12 |    25 |    41 |    11 |    10 |    29 |    39 ||   172
         Sling             |       |       |    14 |       |       |       |       |       |       ||    14
         Quarterstaff      |       |       |    68 |    64 |       |       |       |       |       ||   132
         Hand axe          |       |       |     6 |    67 |       |       |       |       |       ||    73
         Punch             |       |       |       |    18 |    42 |       |       |       |       ||    60
         Unarmed           |       |       |       |    31 |       |       |       |       |       ||    31
         Scimitar          |       |       |       |   104 |   275 |       |    21 |    90 |   105 ||   595
         War axe           |       |       |       |    12 |       |       |       |       |       ||    12
         Staff             |       |       |       |       |       |    72 |    31 |    44 |    45 ||   192
         Morningstar       |       |       |       |       |       |    25 |     3 |       |       ||    28
   Fire: Sling             |    69 |   220 |   238 |   285 |   306 |       |       |       |       ||  1118
         Orcbow            |       |       |       |       |   876 |   281 |       |       |       ||  1157
  Throw: Dart              |       |       |    11 |    15 |     2 |       |       |       |       ||    28
         Throwing net      |       |       |       |       |       |     1 |       |       |       ||     1
         Boomerang         |       |       |       |       |       |    39 |    20 |     2 |    24 ||    85
   Cast: Sting             |       |       |    63 |   233 |   293 |       |       |       |       ||   589
         Apportation       |       |       |     1 |       |       |     1 |     3 |       |    35 ||    40
         Mephitic Cloud    |       |       |       |    12 |    10 |     3 |       |       |       ||    25
         Iskenderun's Myst |       |       |       |    55 |   303 |    45 |     5 |    12 |    15 ||   435
         Tukima's Dance    |       |       |       |       |    14 |       |       |       |       ||    14
         Mercury Vapours   |       |       |       |       |    47 |    10 |       |       |       ||    57
         Volatile Blastmot |       |       |       |       |     4 |       |       |       |       ||     4
         Irradiate         |       |       |       |       |     7 |    88 |    88 |    29 |    96 ||   308
         Inner Flame       |       |       |       |       |     1 |     1 |       |       |       ||     2
         Fireball          |       |       |       |       |       |   158 |    22 |       |       ||   180
         Olgreb's Toxic Ra |       |       |       |       |       |   185 |   129 |    11 |    10 ||   335
         Ignite Poison     |       |       |       |       |       |   156 |   138 |    19 |     5 ||   318
         Sublimation of Bl |       |       |       |       |       |   100 |   324 |   291 |   393 ||  1108
         Starburst         |       |       |       |       |       |       |   233 |   367 |   525 ||  1125
         Freezing Cloud    |       |       |       |       |       |       |    11 |       |    12 ||    23
         Dispel Undead     |       |       |       |       |       |       |       |   161 |    57 ||   218
         Borgnjor's Vile C |       |       |       |       |       |       |       |     5 |    36 ||    41
         Eringya's Noxious |       |       |       |       |       |       |       |     3 |     1 ||     4
         Blink             |       |       |       |       |       |       |       |     1 |     3 ||     4
         Ozocubu's Refrige |       |       |       |       |       |       |       |       |    33 ||    33
         Bombard           |       |       |       |       |       |       |       |       |   113 ||   113
         Enfeeble          |       |       |       |       |       |       |       |       |     6 ||     6
         Passwall          |       |       |       |       |       |       |       |       |     3 ||     3
 Invoke: Grow Oklob        |       |       |       |       |       |     1 |       |     1 |       ||     2
         Overgrow          |       |       |       |       |       |     1 |       |     2 |     7 ||    10
         Wall of Briars    |       |       |       |       |       |       |       |       |    12 ||    12
         Grow Ballistomyce |       |       |       |       |       |       |       |       |     4 ||     4
  Evoke: Wand              |     2 |     1 |    14 |    16 |     5 |     5 |     1 |     2 |    10 ||    56
         Lightning rod     |       |       |       |       |     4 |     3 |       |       |       ||     7
         Phial of floods   |       |       |       |       |       |       |     1 |       |       ||     1
         Box of beasts     |       |       |       |       |       |       |       |     1 |       ||     1
         Phantom mirror    |       |       |       |       |       |       |       |     1 |       ||     1
    Use: Potion            |       |       |     4 |     4 |       |     3 |       |     6 |    17 ||    34
         Scroll            |       |       |     7 |     7 |     5 |    21 |     3 |    10 |    19 ||    72
   Stab: Confused          |       |       |     1 |     5 |     1 |       |       |       |       ||     7
         Petrifying        |       |       |       |     1 |       |       |       |       |       ||     1
         Paralysed         |       |       |       |     1 |       |       |       |       |       ||     1
         Petrified         |       |       |       |       |     6 |       |       |       |       ||     6
         Distracted        |       |       |       |       |     2 |       |       |     2 |     3 ||     7
         Sleeping          |       |       |       |       |       |     2 |     5 |     7 |     3 ||    17
 Armour: Leather armour    |    49 |   103 |   252 |     2 |     7 |       |       |       |       ||   413
         Robe              |       |       |       |   343 |   686 |   226 |   145 |     8 |       ||  1408
         Skin              |       |       |       |    67 |       |       |       |       |       ||    67
         Ice dragon scales |       |       |       |       |       |    32 |       |       |       ||    32
         Scale mail        |       |       |       |       |       |       |       |   170 |   354 ||   524
  Dodge: Dodged            |    50 |    95 |   162 |   374 |   734 |   230 |   234 |   260 |   421 ||  2560
  Block: Other             |       |       |    19 |   133 |   132 |       |       |       |       ||   284
         Reflection        |       |       |     1 |     4 |     5 |    28 |    53 |    30 |    15 ||   136
         Kite shield       |       |       |       |       |       |   197 |   389 |   473 |   755 ||  1814

Table legend: (Time is in decaauts)
 A = Elapsed time spent in this place.
 B = Non-inter-level travel time spent in this place.
 C = Inter-level travel time spent in this place.
 D = Time resting spent in this place.
 E = Time spent auto-exploring this place.
 F = Levels seen in this place.
 G = Mean time per level.
                   A        B        C        D        E       F      G
               +--------+--------+--------+--------+--------+-----+--------+
         Total |  75687 |  66006 |   9681 |   6677 |  40354 |  70 | 1081.2 |
       Dungeon |  23151 |  19798 |   3353 |   2465 |  11728 |  15 | 1543.4 |
          Lair |  11149 |   9472 |   1677 |    952 |   6698 |   5 | 2229.8 |
        Shoals |   4605 |   4160 |    445 |    320 |   2805 |   4 | 1151.2 |
   Spider Nest |   4765 |   4366 |    399 |    390 |   2635 |   4 | 1191.2 |
    Slime Pits |    695 |    606 |     89 |     36 |      0 |   5 |  139.0 |
  Orcish Mines |   3789 |   3201 |    588 |    859 |   1114 |   2 | 1894.5 |
   Elven Halls |   4197 |   3226 |    971 |    271 |   2122 |   3 | 1399.0 |
        Vaults |   6991 |   6374 |    617 |    359 |   4395 |   5 | 1398.2 |
         Crypt |   3541 |   3234 |    307 |     49 |   2158 |   3 | 1180.3 |
        Depths |   5709 |   4834 |    875 |     71 |   3439 |   4 | 1427.2 |
           Zot |   4445 |   4089 |    356 |    363 |   2639 |   5 |  889.0 |
         Abyss |    440 |    440 |      0 |      0 |      0 |   4 |  110.0 |
      Ziggurat |    522 |    522 |      0 |     70 |    225 |   8 |   65.2 |
        Bazaar |    180 |    180 |      0 |      0 |     99 |   1 |  180.0 |
      Ice Cave |    756 |    756 |      0 |    159 |    232 |   1 |  756.0 |
       Volcano |    746 |    746 |      0 |    310 |     60 |   1 |  746.0 |
               +--------+--------+--------+--------+--------+-----+--------+

Top non-repeatable levels by time:
  Lair:5: 3217 daAuts
    D:12: 2625 daAuts
     D:8: 2605 daAuts
  Lair:3: 2525 daAuts
   Orc:2: 2523 daAuts
  Lair:4: 2239 daAuts
    D:11: 2220 daAuts
    D:10: 2207 daAuts
   Elf:3: 1856 daAuts
     D:6: 1783 daAuts
  Lair:2: 1770 daAuts
Depths:2: 1751 daAuts
Vaults:5: 1707 daAuts
Depths:4: 1596 daAuts
Spider:2: 1555 daAuts
